 Dungeon Crawl Stone Soup version 0.27-a0-767-g00efbec225 (webtiles) character file.

Game seed: 4436781782796532068

13651032 PentaManta the Heavyweight Champion (level 27, 323/323 HPs)
             Began as a Troll Abyssal Knight on Mar 24, 2021.
             Was a High Priest of Lugonu.
             Escaped with the Orb
             ... and 15 runes on Mar 25, 2021!
             The game lasted 07:27:01 (117876 turns).

PentaManta the Heavyweight Champion (TrAK)        Turns: 117876, Time: 07:27:01

Health: 323/323    AC: 45    Str: 26    XL:     27
Magic:  48/48      EV: 11    Int: 17    God:    Lugonu [*****.]
Gold:   20791      SH: 29    Dex: 11    Spells: 46/52 levels left

rFire    + + +     SeeInvis +     - Unarmed
rCold    + + .     Faith    .   k - +8 tower shield {rC+ rF+}
rNeg     . . .     Spirit   .   Y - +12 gold dragon scales
rPois    +         Reflect  .   q - +2 hat
rElec    +         Harm     .   L - +2 cloak {rCorr}
rCorr    +         Rampage  .   (gloves unavailable)
Will     +++..                  (boots unavailable)
Stlth    ..........             E - amulet "Syun" {Regen+ MP+9}
HPRegen  2.63/turn              g - ring of willpower
MPRegen  0.31/turn              l - ring "Vatebeip" {+Fly rF+ Str-2 Dex+4 SInv}

@: glowing, studying 3 skills
A: large, unfitting armour, claws 3, regeneration 1, shaggy fur 1, tough skin 1,
antennae 2, talons 1, clumsy 1, deterioration 1, fire resistance 1, electricity
resistance, subdued magic 1
0: Orb of Zot
}: 15/15 runes: decaying, slimy, silver, golden, iron, obsidian, icy, bone,
abyssal, demonic, glowing, magical, fiery, dark, gossamer
a: Renounce Religion, Evoke Flight, Depart the Abyss, Bend Space, Banish,
Corrupt, Enter the Abyss


You escaped.
You worshipped Lugonu.
Lugonu was extremely pleased with you.
You visited 18 branches of the dungeon, and saw 90 of its levels.
You visited Pandemonium 1 time, and saw 25 of its levels.
You visited the Abyss 12 times.
You completed 1 ziggurat, and saw 27 of its levels.
You also visited: Gauntlet and Ice Cave.

You collected 22558 gold pieces.
You spent 1767 gold pieces at shops.

Inventory:

Missiles
 B - 117 large rocks
 S - 27 silver javelins
Armour
 k - a +8 tower shield of resistance (worn)
 q - a +2 hat (worn)
 I - a +4 troll leather armour {Snorg}
 L - a +2 cloak of preservation (worn)
 Y - +12 gold dragon scales (worn)
Jewellery
 b - the ring of Jealousy {rElec rC+ rN+ Str-2 Int+8}
   (You found it in Pandemonium)

   [ring of protection from cold]

   It affects your strength (-2).
   It affects your intelligence (+8).
   It protects you from cold.
   It insulates you from electricity.
   It protects you from negative energy.
 e - the ring "Bijodghobb" {rC+ SInv Stlth+}
   (You found it on level 27 of a ziggurat)

   [ring of see invisible]

   It protects you from cold.
   It lets you see invisible.
   It makes you more stealthy.
 g - a ring of willpower (right claw)
 h - the ring "Sedeseg" {+Blink rElec rC+ rN+}
   (You found it on level 3 of the Crypt)

   [ring of positive energy]

   It protects you from cold.
   It insulates you from electricity.
   It protects you from negative energy.
   It lets you blink.
 l - the ring "Vatebeip" (left claw) {+Fly rF+ Str-2 Dex+4 SInv}
   (You found it on level 7 of Tartarus)

   [ring of protection from fire]

   It affects your strength (-2).
   It affects your dexterity (+4).
   It protects you from fire.
   It lets you see invisible.
   It lets you fly.
 m - the ring "Poilaopp" {rC- rN++ EV+4 Str+7}
   (You found it on level 2 of a ziggurat)

   [ring of evasion]

   It affects your evasion (+4).
   It affects your strength (+7).
   It makes you vulnerable to cold.
   It greatly protects you from negative energy.
 o - the ring "Waophirgh" {*Contam +Inv rF+ rN+ Int+3}
   (You found it on level 3 of the Crypt)

   [ring of positive energy]

   It affects your intelligence (+3).
   It protects you from fire.
   It protects you from negative energy.
   It lets you turn invisible.
   It causes magical contamination when unequipped.
 s - the ring of Hedonism {MP+9 Str+5 SInv}
   (You found it on level 3 of the Tomb of the Ancients)

   [ring of magical power]

   It affects your strength (+5).
   It affects your magic capacity (+9).
   It lets you see invisible.
 t - an amulet of reflection
 u - the ring of Anarchy {rPois rC++ Str+3 Dex-2}
   (You found it on level 3 of the Tomb of the Ancients)

   [ring of poison resistance]

   It affects your strength (+3).
   It affects your dexterity (-2).
   It greatly protects you from cold.
   It protects you from poison.
 w - the ring "Poican" {*Drain rF+ Will+ SInv}
   (You took it off an ironbound preserver on level 5 of the Vaults)

   [ring of willpower]

   It protects you from fire.
   It affects your willpower, your defense against some magical effects.
   It lets you see invisible.
   It causes draining when unequipped.
 x - the ring of Vuk Xeaf {rPois Dex+4}
   (You found it in a Gauntlet)

   [ring of poison resistance]

   It affects your dexterity (+4).
   It protects you from poison.
 D - a ring of willpower
 E - the amulet "Syun" (around neck) {Regen+ MP+9}
   (You found it on level 7 of the Iron City of Dis)

   [amulet of regeneration]

   It affects your magic capacity (+9).
   It increases your rate of regeneration.
 H - the ring "Xiuha Muera" {rF++ SInv}
   (You found it on level 3 of the Tomb of the Ancients)

   [ring of see invisible]

   It greatly protects you from fire.
   It lets you see invisible.
 J - the ring "Birasuun" {rElec rPois rF+++ Int-2 SInv}
   (You found it on level 7 of Cocytus)

   [ring of poison resistance]

   It affects your intelligence (-2).
   It renders you almost immune to fire.
   It insulates you from electricity.
   It protects you from poison.
   It lets you see invisible.
 K - the ring of the Eleven Visions {rC+ rN+ Dex+2 Slay-4 Stlth+}
   (You found it on level 3 of the Crypt)

   [ring of positive energy]

   It affects your dexterity (+2).
   It affects your accuracy and damage with ranged weapons and melee attacks
   (-4).
   It protects you from cold.
   It protects you from negative energy.
   It makes you more stealthy.
 M - the ring "Ykhuthugg" {+Blink rPois Dex+4}
   (You found it in Pandemonium)

   [ring of poison resistance]

   It affects your dexterity (+4).
   It protects you from poison.
   It lets you blink.
 U - the ring of Mistrust {rElec rPois EV+4 Str-3 Dex+4}
   (You found it in Pandemonium)

   [ring of evasion]

   It affects your evasion (+4).
   It affects your strength (-3).
   It affects your dexterity (+4).
   It insulates you from electricity.
   It protects you from poison.
 V - the ring "Zaxtuige" {rN+ rCorr}
   (You found it on level 5 of the Pits of Slime)

   [ring of resist corrosion]

   It protects you from negative energy.
   It provides partial protection from all sources of acid and corrosion.
Wands
 c - a wand of iceblast (111)
 y - a wand of flame (216)
 Q - a wand of acid (57) (quivered)
 T - a wand of digging (24)
Scrolls
 f - 13 scrolls of amnesia
 n - 4 scrolls of silence
 p - 12 scrolls of magic mapping
 v - 18 scrolls of fear
 C - 13 scrolls of fog
 N - 2 scrolls of summoning
 O - a scroll of holy word
Potions
 a - 3 potions of invisibility
 d - 14 potions of brilliance
 i - 13 potions of resistance
 j - 5 potions of ambrosia
 z - 10 potions of cancellation
 A - 5 potions of magic
 F - 13 potions of lignification
 G - 2 potions of berserk rage
 Z - 6 potions of might
Miscellaneous
 W - a +1 figurine of a ziggurat


   Skills:
 O Level 27 Fighting
 + Level 24.1 Armour
 + Level 23.0 Dodging
 - Level 15.0 Shields
 O Level 27 Unarmed Combat
 - Level 13.0 Spellcasting
 - Level 18.0 Transmutations
 - Level 22.0 Earth Magic
 - Level 18.0 Invocations
 - Level 2.1 Evocations


You had 46 spell levels left.
You knew the following spells:

 Your Spells              Type           Power      Damage    Failure   Level
a - Statue Form           Tmut/Erth      38%        N/A       1%          6

Your spell library contained the following spells:

 Spells                   Type           Power      Damage    Failure   Level
 Beastly Appendage        Tmut           100%       N/A       0%          1
 Sandblast                Erth           100%       2d20      0%          1
 Passwall                 Tmut/Erth      47%        N/A       0%          2
 Sting                    Tmut/Pois      100%       1d8       1%          1
 Wereblood                Tmut           53%        N/A       1%          2
 Stone Arrow              Conj/Erth      74%        3d11      1%          3
 Petrify                  Tmut/Erth      57%        N/A       1%          4
 Blade Hands              Tmut           26%        N/A       1%          5
 Lee's Rapid Deconstruct  Erth           30%        3d17*     1%          5
 Spider Form              Tmut/Pois      16%        N/A       3%          3
 Animate Armour           Summ/Erth      74%        N/A       4%          4
 Leda's Liquefaction      Hex/Erth       18%        N/A       4%          4
 Hydra Form               Tmut           26%        N/A       4%          6
 Ignite Poison            Fire/Tmut/Pois 24%        N/A       12%         3
 Ice Form                 Ice/Tmut       32%        N/A       12%         4
 Borgnjor's Vile Clutch   Necr/Erth      18%        N/A       14%         5
 Dragon Form              Tmut           26%        N/A       24%         7
 Alistair's Intoxication  Tmut/Pois      21%        N/A       32%         5
 Irradiate                Conj/Tmut      16%        3d19      32%         5
 Yara's Violent Unravell  Hex/Tmut       16%        3d8       32%         5
 Animate Skeleton         Necr           16%        N/A       45%         1
 Apportation              Tloc           16%        N/A       45%         1
 Corona                   Hex            8%         N/A       45%         1
 Foxfire                  Conj/Fire      32%        2x1d5     45%         1
 Freeze                   Ice            32%        1d5       45%         1
 Magic Dart               Conj           32%        1d4       45%         1
 Pain                     Necr           32%        1d5       45%         1
 Shock                    Conj/Air       32%        1d5       45%         1
 Summon Small Mammal      Summ           32%        N/A       45%         1
 Bolt of Magma            Conj/Fire/Erth 13%        4d8       56%         5
 Blink                    Tloc           N/A        N/A       58%         2
 Call Imp                 Summ           8%         N/A       58%         2
 Corpse Rot               Necr/Air       N/A        N/A       58%         2
 Ensorcelled Hibernation  Hex/Ice        16%        N/A       58%         2
 Poisonous Vapours        Pois/Air       16%        N/A       58%         2
 Searing Ray              Conj           16%        3d3       58%         2
 Slow                     Hex            8%         N/A       58%         2
 Sublimation of Blood     Necr           4%         N/A       58%         2
 Swiftness                Air            8%         N/A       58%         2
 Iron Shot                Conj/Erth      18%        9d4       63%         6
 Call Canine Familiar     Summ           8%         N/A       83%         3
 Confusing Touch          Hex            8%         N/A       83%         3
 Conjure Flame            Conj/Fire      8%         6-21      83%         3
 Dazzling Flash           Conj/Hex       16%        N/A       83%         3
 Frozen Ramparts          Ice            16%        1d3       83%         3
 Gell's Gravitas          Tloc           4%         N/A       83%         3
 Inner Flame              Hex/Fire       8%         N/A       83%         3
 Lesser Beckoning         Tloc           4%         N/A       83%         3
 Mephitic Cloud           Conj/Pois/Air  8%         N/A       83%         3
 Ozocubu's Armour         Ice            8%         N/A       83%         3
 Portal Projectile        Hex/Tloc       16%        N/A       83%         3
 Static Discharge         Conj/Air       8%         N/A       83%         3
 Summon Guardian Golem    Hex/Summ       8%         N/A       83%         3
 Teleport Other           Tloc           8%         N/A       83%         3
 Tukima's Dance           Hex            8%         N/A       83%         3
 Eringya's Noxious Bog    Tmut/Pois      16%        N/A       89%         6
 Airstrike                Air            4%         N/A       99%         4
 Cause Fear               Hex            4%         N/A       99%         4
 Dispel Undead            Necr           8%         3d8       99%         4
 Fulminant Prism          Conj/Hex       4%         3d6       99%         4
 Hailstorm                Conj/Ice       8%         3d4       99%         4
 Iskenderun's Mystic Bla  Conj/Tloc      8%         2d4       99%         4
 Manifold Assault         Tloc           8%         N/A       99%         4
 Passage of Golubria      Tloc           N/A        N/A       99%         4
 Sticky Flame             Conj/Fire      8%         2d3       99%         4
 Summon Ice Beast         Ice/Summ       8%         N/A       99%         4
 Summon Lightning Spire   Summ/Air       8%         N/A       99%         4
 Shatter                  Erth           30%        3d25*     99%         9
 Agony                    Necr           8%         N/A       100%        5
 Excruciating Wounds      Necr           4%         N/A       100%        5
 Fireball                 Conj/Fire      4%         3d4       100%        5
 Iskenderun's Battlesphe  Conj           8%         2d6       100%        5
 Lightning Bolt           Conj/Air       4%         1d15      100%        5
 Metabolic Englaciation   Hex/Ice        4%         N/A       100%        5
 Silence                  Hex/Air        4%         N/A       100%        5
 Summon Forest            Summ/Tloc      4%         N/A       100%        5
 Summon Mana Viper        Hex/Summ       8%         N/A       100%        5
 Conjure Ball Lightning   Conj/Air       4%         3x3d6     100%        6
 Death Channel            Necr           4%         N/A       100%        6
 Dispersal                Tloc           4%         N/A       100%        6
 Freezing Cloud           Conj/Ice/Air   4%         6-21      100%        6
 Invisibility             Hex            8%         N/A       100%        6
 Shadow Creatures         Summ           N/A        N/A       100%        6
 Simulacrum               Ice/Necr       4%         N/A       100%        6
 Starburst                Conj/Fire      4%         8x6d3     100%        6
 Haunt                    Necr/Summ      4%         N/A       100%        7
 Malign Gateway           Summ/Tloc      4%         N/A       100%        7
 Monstrous Menagerie      Summ           4%         N/A       100%        7
 Orb of Destruction       Conj           4%         9d2       100%        7
 Ozocubu's Refrigeration  Ice            4%         4d5       100%        7
 Spellforged Servitor     Conj/Summ      4%         N/A       100%        7
 Summon Hydra             Summ           4%         N/A       100%        7
 Discord                  Hex            4%         N/A       100%        8
 Disjunction              Tloc           4%         N/A       100%        8
 Ignition                 Fire           4%         3d4       100%        8
 Summon Horrible Things   Summ           4%         N/A       100%        8
 Dragon's Call            Summ           4%         N/A       100%        9
 Tornado                  Air            4%         N/A       100%        9


Dungeon Overview and Level Annotations

Branches:
Dungeon (15/15)            Temple (1/1) D:7            Lair (6/6) D:11
  Swamp (4/4) Lair:3       Spider (4/4) Lair:2        Slime (5/5) Lair:5
    Orc (2/2) D:9             Elf (3/3) Orc:2        Vaults (5/5) D:13
  Crypt (3/3) Vaults:2       Tomb (3/3) Crypt:3      Depths (5/5) D:15
   Hell (visited)             Dis (7/7) Hell            Geh (7/7) Hell
    Coc (7/7) Hell            Tar (7/7) Hell            Zot (5/5) Depths:5
  IceCv (visited)         Gauntlet (visited)

Altars:
Ashenzari
Cheibriados
Dithmenos
Elyvilon
Fedhas
Gozag
Hepliaklqana
Kikubaaqudgha
Makhleb
Nemelex Xobeh
Okawaru
Qazlal
Ru
Sif Muna
Trog
Uskayaw
Vehumet
Wu Jian
Xom
Yredelemnul
Zin
The Shining One
Beogh
Jiyva

Shops:
D:2 (*   D:4 (   D:5 :?![(   D:6 :   Orc:2 (:[*   Elf:1 ?=:*   Elf:3 :=:
Vaults:1 [*[[   Vaults:2 [   Zot:2 *   Depths:1 *

Portals:
Hell: Depths:1 Depths:2 Depths:3 Depths:4 Depths:5
Abyss: D:10 Depths:4 Depths:5
Pandemonium: Depths:1 Depths:2 Depths:3 Depths:5
Ziggurat: D:1

Annotations:
D:15 corrupted
Swamp:4 corrupted
Spider:2 corrupted
Spider:3 corrupted
Spider:4 corrupted
Slime:5 corrupted
Vaults:5 corrupted
Tomb:1 corrupted
Tomb:3 corrupted
Hell corrupted
Coc:7 exclusion: 2 ice statues


Innate Abilities, Weirdness & Mutations

You are too large for most types of armour.
You have claws for hands.
Your natural rate of healing is unusually fast.
You are covered in fur. (AC +1)
You have tough skin. (AC +1)
You have a pair of antennae on your head.
You have sharp toenails.
You are clumsy. (Dex -2)
Your body sometimes deteriorates upon taking damage.
Your flesh is heat resistant. (rF+)
You are resistant to electric shocks. (rElec)
Your spells are a little easier to cast, but a little less powerful.


Message History

You eviscerate the cherub!!!
You kill the cherub!
Lugonu accepts your kill.
You can now gate yourself to the Abyss.
A blizzard demon comes into view.
Items here: ( )) [[.
You block the blizzard demon's attack. x2
You eviscerate the blizzard demon!!! You claw the blizzard demon.
The blizzard demon is almost dead.
The blizzard demon misses you. You block the blizzard demon's attack.
You claw the blizzard demon!
You kill the blizzard demon!
Lugonu accepts your kill.
A rust devil comes into view.
The rust devil screeches!
You eviscerate the rust devil!!!
You kill the rust devil!
Lugonu accepts your kill.
A green death comes into view.
You eviscerate the green death!!!!
You kill the green death!
Lugonu accepts your kill.
Aiming: Dig
Press: ? - help, Shift-Dir - straight line A rock wall.
This square is covered in magical glow.
The rock shatters into small pieces.
Okay, then.
Okay, then.
Your transformation is almost over.
You revert to your normal fleshy form.
Your +12 gold dragon scales unmelds from your body.
Okay, then.
You set the figurine down, and a mystic portal to a ziggurat forms.
There is a gateway to a ziggurat here.
Press: ? - help, v - describe, . - travel A gateway to a ziggurat.
This square is covered in magical glow.
There is a staircase leading out of the dungeon here.
You can't go down here!
You have escaped!

#......# #.# ######## #.# #.#
##### ######### #.# ....#
#.......## #.# ###.# #.#......##
#.# .##.# #.#.......# #.#
.##.#######.#.......#######.#####
...............A@................
###.#.#####.#.......#####.....###
###.#.# #.........# ##...##
....#.# ###......## ##.## PP###.#
##.##### #.# .P# #.# #.# #.#
.P###.########.# ##'##
............##.# ##...##
.P..#.#####.##.##### ##.....##


You could see a daeva.

Vanquished Creatures
  Cerebov (Pan)
  Antaeus (Coc:7)
  Asmodeus (Geh:7)
  Gloorx Vloq (Pan)
  Ereshkigal (Tar:7)
  2 seraphim
  Mnoleg (Pan)
  Lom Lobon (Pan)
  5 dread liches
  Dispater (Dis:7)
  6 ancient liches
  4 orbs of fire (Zot:5)
  The ghost of Ofughuath the Minotaur Barricade, a legendary MiFi of the Shining One (Zot:2)
  Mennas (Vaults:4)
  17 pandemonium lords
  2 juggernauts
  21 royal mummies
  3 Killer Klowns (Zot:5)
  The ghost of Alura the Axe Maniac, a veteran MiBe of Trog (Crypt:2)
  Margery (Depths:3)
  12 shard shrikes
  Xtahua (Depths:4)
  2 curse toes
  5 caustic shrikes
  Geryon (Hell)
  The ghost of Zogo the Fencer, a veteran OpDe of Makhleb (Depths:1)
  17 golden dragons
  Jory (Vaults:3)
  3 electric golems
  2 pearl dragons (Pan)
  15 bone dragons
  26 Brimstone Fiends
  10 doom hounds
  30 Tzitzimimeh
  3 hellephants
  6 iron giants (Dis:7)
  29 tentacled monstrosities
  22 Ice Fiends
  19 liches
  41 Orb Guardians
  18 Hell Sentinels
  4 titans
  14 quicksilver dragons
  2 deep elf master archers (Elf:3)
  2 deep elf blademasters (Elf:3)
  25 acid blobs
  14 sphinxes
  22 Executioners
  14 tentacled starspawn
  Agnes (Spider:4)
  A thorn hunter (Swamp:4)
  14 death cobs
  13 ancient champions
  6 tengu reavers
  The ghost of glosham the Spry, an adept KoAK of Lugonu (Depths:1)
  The ghost of stripedtigrrr the Envoy of Void, an adept DsAK of Lugonu (Spider:4)
  Kirke (Swamp:4)
  11 storm dragons
  5 revenants
  Donald (Swamp:4)
  19 shadow dragons
  16 daevas
  17 draconian monks
  13 rockslimes
  Roxanne (D:14)
  4 ghost moths
  12 azure jellies
  16 nagarajas
  29 vault wardens
  15 iron dragons
  11 fire giants
  17 frost giants
  4 blood saints
  7 draconian scorchers
  9 deep elf sorcerers
  A fenstrider witch (Zig:13)
  29 balrugs
  10 draconian knights
  9 warmongers (Pan)
  A juggernaut zombie (Crypt:1)
  2 orc warlords
  7 black suns
  8 draconian shifters
  3 emperor scorpions (Spider:4)
  21 cacodemons
  28 angels
  2 spriggan defenders (Depths:5)
  9 ghouls
  16 ironbound preservers
  6 curse skulls
  5 draconian stormcallers
  4 deep elf elementalists
  9 draconian annihilators
  14 war gargoyles
  11 quicksilver oozes
  35 very ugly things
  14 ophanim
  25 stone giants
  81 reapers
  2 elemental wellsprings
  8 corrupters
  21 apis (Pan)
  7 deep elf demonologists (Elf:3)
  9 bennus
  A caustic shrike skeleton (Depths:1)
  13 vampire knights
  21 black draconians
  7 dire elephants
  9 lorocyprocas
  Azrael (D:14)
  An entropy weaver (shapeshifter) (Zig:22)
  9 red draconians
  14 green draconians
  13 purple draconians
  7 entropy weavers
  10 deep elf annihilators
  15 yellow draconians
  8 eidola
  2 minotaurs
  2 salamander tyrants (Zig:26)
  13 white draconians
  4 bunyips
  Snorg (D:11)
  6 spark wasps
  15 green deaths
  9 deep elf death magi
  An eleionoma (Zig:13)
  The ghost of polve the Carver, a journeyman DsAK of Lugonu (Lair:3)
  14 ettins
  19 jiangshi
  33 blizzard demons
  11 fire dragons
  14 mummy priests
  A kraken zombie (Hell)
  5 quicksilver dragon zombies
  2 shambling mangroves
  3 deep elf high priests
  2 spectral krakens (Tar:7)
  13 ironbound thunderhulks
  20 yaktaur captains
  32 vault guards
  9 monstrous demonspawn
  Fannar (D:12)
  10 hell beasts
  18 great orbs of eyes
  9 quicksilver dragon skeletons
  An ice dragon (shapeshifter) (Vaults:5)
  11 rakshasas
  4 naga warriors
  24 ice dragons
  5 spriggan air magi
  An anaconda (shapeshifter) (Vaults:5)
  20 hydras
  A peacekeeper (Vaults:2)
  20 centaur warriors
  7 ironbound frosthearts
  3 boulder beetles
  3 anacondas
  2 death knights
  5 ghost crabs
  4 two-headed ogres
  13 vampire magi
  22 death scarabs
  14 deep troll shamans
  9 deep troll earth magi
  The ghost of Ijustatesigmund the Cleaver, a novice DsFi of Cheibriados (D:10)
  29 dancing weapons
  10 alligators
  39 hell hogs
  6 spriggan berserkers
  6 thrashing horrors
  5 ironbound beastmasters
  4 satyrs (Zig:12)
  7 tengu warriors
  3 naga sharpshooters
  3 titan zombies
  A removed queen ant (Lair:4)
  A removed queen ant (shapeshifter) (D:13)
  4 orc high priests
  13 deep elf knights
  9 wretched stars
  61 soul eaters
  7 shock serpents
  6 titan skeletons
  Sonja (D:13)
  41 sun demons
  5 storm dragon zombies
  24 iron trolls
  77 hell knights
  17 sixfirhies
  7 shadow wraiths
  4 golden dragon zombies
  3 spatial maelstroms (Abyss:1)
  118 skeletal warriors
  6 iron golems (Dis:7)
  6 storm dragon skeletons
  4 goliath frogs
  A spark wasp zombie (Zig:14)
  23 flayed ghosts
  2 salamander mystics
  3 gelid demonspawn (Pan)
  3 spriggan druids
  4 death drakes
  39 shadow demons
  9 torturous demonspawn
  13 anaconda zombies
  50 deep trolls
  3 orange crystal statues
  17 cherubim
  14 bog bodies
  12 infernal demonspawn
  11 swamp dragons
  3 unseen horrors
  26 phantasmal warriors
  13 glowing orange brains
  A kraken simulacrum (Coc:7)
  A ghost moth zombie (Coc:2)
  4 deep elf archers
  5 golden dragon skeletons
  A naga ritualist (Zig:19)
  25 deep elf pyromancers
  Pikel (D:7)
  24 ironbound convokers
  3 obsidian statues
  10 orc knights
  6 shadow dragon zombies
  6 anaconda skeletons
  3 wolf spider zombies
  17 wizards
  17 deep elf zephyrmancers
  8 lindwurms
  8 orc sorcerers
  11 orb spiders
  2 sphinx zombies
  30 necromancers
  9 iron dragon zombies
  A mana viper (Abyss:3)
  5 shining eyes
  3 salamanders
  4 fire giant zombies
  37 ugly things
  26 wolf spiders
  9 frost giant zombies
  3 shadow dragon skeletons
  2 iron dragon skeletons
  5 stone giant zombies
  6 will-o-the-wisps
  A faun (Zig:12)
  6 worldbinders
  A wolf spider (shapeshifter) (Vaults:5)
  5 elephants
  2 manticores
  30 moths of wrath
  A moth of wrath (shapeshifter) (Depths:3)
  4 cyclopes
  9 dire elephant zombies
  17 fire giant skeletons
  A black mamba (shapeshifter) (Vaults:5)
  4 apocalypse crabs
  25 black mambas
  2 elephants (shapeshifter)
  6 frost giant skeletons
  31 rust devils
  8 titan simulacra (Coc:7)
  A toenail golem (D:10)
  7 dire elephant skeletons
  10 eyes of devastation
  5 guardian serpents
  2 naga magi
  Joseph (D:10)
  15 molten gargoyles
  9 stone giant skeletons
  19 vault sentinels
  3 ice statues
  A water nymph (shapeshifter) (Vaults:5)
  2 shock serpent skeletons
  2 torpor snails
  25 orange demons
  13 cane toads
  A green draconian zombie (Coc:7)
  49 smoke demons
  4 storm dragon simulacra
  32 hellions
  43 ice devils
  4 rime drakes
  An emperor scorpion zombie (Geh:7)
  7 gargoyles
  10 spectral swamp worms (Tar:7)
  2 catoblepas zombies
  A komodo dragon (shapeshifter) (Vaults:5)
  A minotaur zombie (Dis:7)
  15 efreet
  41 yaktaurs
  25 demonic crawlers
  7 tengu conjurers
  18 komodo dragons
  37 tormentors
  A yaktaur skeleton (Vaults:1)
  35 freezing wraiths
  2 silent spectres
  3 catoblepas skeletons
  15 guardian mummies
  17 hydra zombies
  47 red devils
  4 harpy zombies
  3 ancient zymes
  15 hellwings
  6 anaconda simulacra (Coc:7)
  6 tyrant leeches
  2 trolls
  23 jumping spiders
  21 polar bears
  19 hornets
  5 harpy skeletons
  3 wind drakes (Depths:5)
  86 slime creatures
  8 blink frogs
  10 dream sheep
  13 raiju
  119 flying skulls
  A dream sheep (shapeshifter) (Zig:6)
  8 alligator zombies
  6 fire dragon zombies
  6 ice dragon zombies
  5 ettin zombies
  A frost giant simulacrum (Tar:5)
  7 hydra skeletons
  5 spriggans
  5 air elementals
  A satyr skeleton (Crypt:2)
  A spriggan (shapeshifter) (Depths:3)
  3 black mamba zombies
  32 shadows
  A tarantella (shapeshifter) (Elf:3)
  40 redbacks
  42 wraiths
  5 spriggan skeletons
  6 vampires
  9 ice dragon skeletons
  23 water elementals
  4 alligator skeletons
  12 ettin skeletons
  16 tarantellas
  A dire elephant simulacrum (Hell)
  5 wyverns
  29 fire elementals
  17 fire dragon skeletons
  26 ynoxinuls
  5 basilisks
  15 golden eyes
  7 ushabtiu
  4 fire bats (Abyss:1)
  65 yaks
  4 vampire mosquitoes
  2 steam dragons (Lair:6)
  22 chaos spawn
  Grum (D:10)
  21 neqoxecs
  An elf skeleton (Zig:14)
  4 tengu zombies
  A torturous demonspawn zombie (Dis:7)
  A merfolk zombie (Dis:7)
  10 removed soldier ants (Lair:6)
  A naga (Zig:19)
  7 wargs
  2 spatial vortices (Abyss:1)
  2 floating eyes
  A monstrous demonspawn zombie (Crypt:2)
  15 swamp worms
  An acid dragon (D:13)
  15 water moccasins
  77 hell hounds
  A deep troll skeleton (Crypt:2)
  6 cane toad zombies
  2 floating eyes (shapeshifter)
  A merfolk skeleton (Pan)
  8 hydra simulacra
  38 orc warriors
  42 large abominations
  8 ice beasts
  6 cane toad skeletons
  3 swamp dragon zombies
  A black bear (D:9)
  9 swamp drakes
  2 human zombies
  2 ettin simulacra
  2 manticore zombies (Coc:7)
  23 starcursed masses (Abyss:1)
  5 sky beasts
  3 snapping turtle zombies
  A fire dragon simulacrum (Coc:7)
  32 wolves
  32 small abominations
  21 necrophages
  6 snapping turtle skeletons
  12 centaurs
  7 ogres
  3 lemures (D:7)
  A blink frog skeleton (Crypt:2)
  2 manticore skeletons
  9 phantoms
  2 swamp dragon skeletons
  3 elf zombies
  18 bullfrogs
  A cane toad simulacrum (Coc:7)
  6 earth elementals
  A wyvern skeleton (D:13)
  8 scorpions
  11 killer bees
  A queen bee zombie (Crypt:1)
  64 wights
  A polar bear zombie (Crypt:2)
  2 troll zombies
  5 electric eels
  10 howler monkeys
  3 bullfrog zombies
  6 crimson imps
  31 orc priests
  6 quasits
  4 centaur zombies
  4 lava snakes
  7 hounds
  29 iron imps
  5 jellies
  3 centaur skeletons
  5 bullfrog skeletons
  A gnoll shaman (D:8)
  17 iguanas
  A black bear skeleton (Crypt:1)
  24 orc wizards
  9 hell rats
  19 removed worker ants
  An ogre zombie (Dis:1)
  2 ogre skeletons
  26 mummies
  2 howler monkey zombies
  12 gnolls
  14 adders
  An ogre simulacrum (Crypt:2)
  20 shadow imps
  18 white imps
  5 ufetubi
  3 adder skeletons
  2 worms
  2 dart slugs
  100 orcs
  8 bats
  3 bat skeletons
  11 endoplasms
  5 giant cockroaches
  5 goblins
  8 hobgoblins
  5 jackals
  12 quokkas
  6 ball pythons
  A dart slug zombie (Crypt:1)
  5 frilled lizards
  5 kobolds
  11 rats
  A fire vortex (Pan)
  A lurking horror (Abyss:3)
  8 starspawn tentacles
  8 tentacles
5246 creatures vanquished.

Vanquished Creatures (others)
  the Royal Jelly (Slime:5)
  The ghost of Sobuoh the Slayer, a legendary GrEE of Vehumet (Zig:27)
  The ghost of Ygonacw the Petrodigitator, a legendary GrEE of Vehumet (Zig:27)
  The ghost of Wougrad the Conqueror, a legendary GrEE of Vehumet (Zig:27)
  The ghost of Qumaaz the Conqueror, a legendary HuIE of Hepliaklqana (Zig:27)
  The ghost of Rotwopom the Cloud Mage, a legendary NaVM of Cheibriados (Zig:27)
  The ghost of Xienem the Metallomancer, a legendary GrEE of Vehumet (Zig:27)
  The ghost of Muffal the Impregnable, a legendary FoFi of the Shining One (Zig:27)
  The ghost of Muffal the Impregnable, a legendary FoFi of the Shining One (Zig:27)
  The ghost of Zomar the Devastator, a legendary DsWn of Vehumet (Zig:27)
  11 royal mummies
  the Lernaean hydra (Swamp:4)
  Nikola (Spider:3)
  Arachne (Spider:2)
  Jorgrun (D:15)
  3 Orb Guardians
  2 liches
  2 acid blobs
  A deep elf master archer (Zig:12)
  An ancient champion (Tomb:1)
  An eldritch tentacle (Pan)
  An Executioner (Zig:22)
  3 pandemonium lords
  5 shadow dragons (Zig:27)
  6 revenants
  3 draconian monks (Zig:22)
  2 azure jellies (Slime:5)
  A rockslime (Slime:5)
  6 nagarajas
  7 draconian knights
  3 draconian scorchers
  A balrug (Zig:13)
  A ghost moth (Spider:4)
  Louise (Swamp:4)
  A curse skull (Zig:27)
  6 draconian shifters
  3 draconian stormcallers (Zig:22)
  An angel (Zig:14)
  A juggernaut zombie (Zig:14)
  5 draconian annihilators
  A reaper (Zig:13)
  2 quicksilver oozes (Slime:5)
  An elemental wellspring (Coc:7)
  A green draconian (Zig:22)
  A juggernaut skeleton (Zig:14)
  5 black suns
  2 black draconians
  A bennu (Tomb:1)
  A lorocyproca (Zig:22)
  3 yellow draconians (Zig:22)
  A deep elf annihilator (Elf:3)
  2 white draconians (Zig:22)
  A red draconian (Zig:22)
  A spark wasp (Spider:3)
  2 blizzard demons (Zig:14)
  2 bunyips (Swamp:4)
  7 eidola (Zig:27)
  4 green deaths
  A deep elf death mage (Elf:3)
  A shambling mangrove (Swamp:4)
  3 merfolk javelineers (Zig:12)
  2 salamander tyrants (Zig:19)
  10 mummy priests
  2 ice dragons
  2 spriggan air magi (Zig:23)
  A great orb of eyes (Slime:5)
  A rakshasa (Pan)
  3 naga warriors
  6 hydras
  3 hell beasts
  A vault guard (Vaults:5)
  2 ghost crabs (Zig:27)
  2 anacondas (Zig:19)
  4 alligators
  A death knight (D:15)
  4 death scarabs
  A thrashing horror (Abyss:1)
  6 naga sharpshooters
  9 shock serpents
  A hell hog (Geh:6)
  4 deep elf knights
  4 soul eaters
  A salamander mystic (Zig:18)
  4 skeletal warriors
  An unseen horror (D:15)
  A golden dragon zombie (Zig:14)
  A goliath frog (Zig:13)
  A ghost moth zombie (Tomb:3)
  A torturous demonspawn (Zig:13)
  2 spriggan druids (Swamp:4)
  A naga ritualist (Zig:19)
  6 swamp dragons
  2 glowing orange brains (Zig:15)
  3 phantasmal warriors
  2 lindwurms (Swamp:4)
  4 deep elf zephyrmancers
  A sphinx zombie (Zig:14)
  A deep elf pyromancer (Elf:3)
  2 mana vipers (Zig:18)
  2 necromancers (Geh:2)
  A wolf spider zombie (Crypt:2)
  2 tengu skeletons (Zig:14)
  3 wolf spiders (Spider:4)
  A sphinx skeleton (Zig:14)
  A faun (Zig:12)
  A will-o-the-wisp (Swamp:4)
  A moth of wrath (Spider:4)
  A shining eye (Zig:15)
  15 black mambas
  3 eyes of devastation (Slime:5)
  3 guardian serpents (Zig:19)
  6 naga magi
  2 gargoyles (Zig:24)
  A rust devil (Zig:14)
  An orange demon (Zig:22)
  A demonic crawler (Spider:3)
  An ice devil (Zig:14)
  A freezing wraith (Zig:14)
  A tormentor (Zig:14)
  12 guardian mummies
  A red devil (Zig:22)
  2 jumping spiders (Spider:2)
  A tyrant leech (Zig:13)
  A bloated husk (Swamp:2)
  A hornet (Spider:2)
  A harpy skeleton (Tomb:1)
  6 raiju (Zig:23)
  6 slime creatures
  An ettin zombie (Tomb:1)
  4 flying skulls (Tomb:1)
  6 redbacks
  A shadow (Geh:3)
  6 ushabtiu
  A tarantella (Spider:2)
  A ynoxinul (Pan)
  6 humans (Swamp:4)
  2 large abominations (Zig:22)
  2 golden eyes
  A neqoxec (Zig:19)
  A chaos spawn (Zig:13)
  6 nagas
  4 spatial vortices
  A floating eye (Slime:5)
  2 hell hounds
  An ice beast (Zig:14)
  A black bear (D:9)
  An orc warrior (Orc:2)
  A swamp drake (Swamp:4)
  A necrophage (Geh:2)
  2 centaurs (Zig:12)
  A kobold brigand (D:9)
  3 wights
  A small abomination (Zig:14)
  3 iron imps (Dis:7)
  An orc wizard (D:9)
  10 mummies
  3 white imps
  2 orcs (D:9)
  2 kobolds (D:9)
  7 ball lightnings (Pan)
  8 blocks of ice (Zig:27)
  7 fire vortices (Zig:27)
  42 foxfires
  40 fungi
  73 plants
  149 starspawn tentacles
  18 tentacles
  3 toadstools (D:7)
  9 withered plants
751 creatures vanquished.

Grand Total: 5997 creatures vanquished

Notes
Turn   | Place    | Note
-------+----------+-------------------------------------------
     0 | Abyss:1  | PentaManta the Troll Abyssal Knight began the quest for the
                  | Orb.
     0 | Abyss:1  | Reached XP level 1. HP: 22/22 MP: 1/1
   117 | Abyss:2  | Noticed a crimson imp
   119 | D:1      | Escaped the Abyss
   476 | D:1      | Reached XP level 2. HP: 29/29 MP: 2/2
  1381 | D:3      | Reached XP level 3. HP: 36/36 MP: 3/3
  1384 | D:3      | Reached ** piety under Lugonu
  1559 | D:2      | Reached XP level 4. HP: 25/44 MP: 4/4
  1608 | D:2      | Found Itwa's Weapon Boutique.
  1895 | D:2      | Found Unuekhyo's General Store.
  2230 | D:3      | Reached skill level 5 in Unarmed Combat
  2253 | D:3      | Found an ornate altar of the Wu Jian Council.
  2379 | D:3      | Found a shimmering blue altar of Sif Muna.
  2990 | D:4      | Reached XP level 5. HP: 19/50 MP: 1/5
  3035 | D:4      | Reached *** piety under Lugonu
  3280 | D:4      | Reached XP level 6. HP: 56/61 MP: 4/6
  3321 | D:4      | Found a burning altar of Makhleb.
  3393 | D:4      | Found Tentoply's Weapon Shop.
  3503 | D:5      | Entered Level 5 of the Dungeon
  3503 | D:5      | Found Xegin's Magic Scroll Shoppe.
  3901 | D:5      | Found Kaceb's Book Shoppe.
  4028 | D:5      | Reached XP level 7. HP: 40/68 MP: 8/8
  4095 | D:5      | Found Naoteng's Weapon Boutique.
  4429 | D:5      | Found Qofanag's Armour Boutique.
  4597 | D:5      | Found Nosy's Distillery.
  4960 | D:6      | Found a broken altar of Ashenzari.
  5113 | D:6      | Reached XP level 8. HP: 79/79 MP: 10/10
  5183 | D:6      | Reached skill level 1 in Shields
  5333 | D:6      | Found Aresuary's Book Shoppe.
  5540 | D:6      | Found a blossoming altar of Fedhas.
  5632 | D:6      | Reached skill level 5 in Fighting
  5632 | D:6      | Reached skill level 5 in Invocations
  5756 | D:7      | Found a staircase to the Ecumenical Temple.
  5847 | Temple   | Entered the Ecumenical Temple
  6095 | D:7      | Reached XP level 9. HP: 31/89 MP: 12/12
  6100 | D:7      | Reached **** piety under Lugonu
  6167 | D:7      | Found a stormy altar of Qazlal.
  6379 | D:7      | Noticed Pikel
  6388 | D:7      | Killed Pikel
  6513 | D:7      | Killed an unseen horror
  6727 | D:7      | Found a hide-covered altar of Uskayaw.
  7497 | D:8      | Reached XP level 10. HP: 87/102 MP: 14/14
  7759 | D:8      | Paralysed by a hornet for 1 turns
  8109 | D:9      | Noticed a harpy
  8160 | D:9      | Banished a harpy
  8232 | D:9      | Found a shimmering altar of Xom.
  8307 | D:9      | Noticed a two-headed ogre
  8315 | D:9      | Killed a two-headed ogre
  8383 | D:9      | Found Ahefuul's Magic Scroll Shop.
  8448 | D:9      | Found a staircase to the Orcish Mines.
  8515 | D:9      | Found a snail-covered altar of Cheibriados.
  9026 | D:5      | Bought a +0 cloak for 63 gold pieces
  9026 | D:5      | Bought +0 acid dragon scales for 560 gold pieces
  9143 | D:10     | Entered Level 10 of the Dungeon
  9159 | Orc:1    | Entered Level 1 of the Orcish Mines
  9498 | D:10     | Identified the +0 buckler "Zuskehielo" {Regen+ Str+3}
  9504 | D:10     | Noticed Joseph
  9517 | D:10     | Killed Joseph
  9518 | D:10     | Reached XP level 11. HP: 75/113 MP: 16/16
  9596 | D:10     | Found a transporter.
  9598 | D:10     | Found a transporter.
  9603 | D:10     | Noticed a hell hog
  9604 | D:10     | Noticed Ijustatesigmund's ghost (novice DsFi)
  9605 | D:10     | Found a one-way gate to the infinite horrors of the Abyss.
  9834 | D:10     | Found the +7 mace of Variability {chain chaos}
  9834 | D:10     | Noticed Grum
  9835 | D:10     | Found a shimmering altar of Xom.
  9857 | D:10     | Reached skill level 5 in Shields
 10013 | D:10     | Killed Grum
 10068 | D:10     | Identified the +5 halberd of Big Damage {distort, *Noise
                  | Will+ Str-3 Int+6}
 10068 | D:10     | Noticed a skeletal warrior
 10070 | D:10     | Noticed a thrashing horror
 10318 | D:11     | Noticed a six-headed hydra
 10320 | D:11     | Reached ***** piety under Lugonu
 10320 | D:11     | Banished a six-headed hydra
 10468 | D:11     | Found a staircase to the Lair.
 10762 | D:11     | Noticed Snorg
 10839 | D:11     | Killed Snorg
 11303 | D:12     | Noticed Fannar
 11429 | Lair:1   | Entered Level 1 of the Lair of Beasts
 11590 | Lair:1   | Found a gate leading to a gauntlet.
 11601 | Gauntlet | Entered a Gauntlet
 11601 | Gauntlet | Found a transporter.
 11601 | Gauntlet | Found a transporter.
 11601 | Gauntlet | Found a transporter.
 11601 | Gauntlet | Noticed a soul eater
 11602 | Gauntlet | Found a transporter.
 11605 | Gauntlet | Found a transporter.
 11605 | Gauntlet | Found a transporter.
 11607 | Gauntlet | Found a large runed translucent door.
 11608 | Gauntlet | Found a large runed translucent door.
 11609 | Gauntlet | Found a large runed translucent door.
 11609 | Gauntlet | Found a large runed translucent door.
 11609 | Gauntlet | Found a runed translucent door.
 11609 | Gauntlet | Found a runed translucent door.
 11610 | Gauntlet | Found a large runed translucent door.
 11610 | Gauntlet | Found a large runed translucent door.
 11610 | Gauntlet | Found a large runed translucent door.
 11610 | Gauntlet | Found a large runed translucent door.
 11611 | Gauntlet | Found a large runed translucent door.
 11611 | Gauntlet | Found a large runed translucent door.
 11612 | Gauntlet | Found a large runed translucent door.
 11612 | Gauntlet | Found a large runed translucent door.
 11613 | Gauntlet | Found a runed translucent gate.
 11613 | Gauntlet | Found a runed translucent gate.
 11613 | Gauntlet | Found a runed translucent gate.
 11615 | Gauntlet | Noticed a wizard
 11615 | Gauntlet | Found a transporter.
 11617 | Gauntlet | Noticed a wizard
 11619 | Gauntlet | Found a transporter.
 11628 | Gauntlet | Noticed a death yak
 11628 | Gauntlet | Noticed a death yak
 11629 | Gauntlet | Noticed a death yak
 11633 | Gauntlet | Noticed a death yak
 11634 | Gauntlet | Found a transporter.
 11634 | Gauntlet | Noticed a death yak
 11635 | Gauntlet | Noticed a necromancer
 11653 | Gauntlet | Found a transporter.
 11657 | Gauntlet | Found a transporter.
 11723 | Gauntlet | Found a large runed translucent door.
 11723 | Gauntlet | Found a large runed translucent door.
 11726 | Gauntlet | Found a large runed translucent door.
 11726 | Gauntlet | Found a large runed translucent door.
 11743 | Gauntlet | Found a transporter.
 11961 | Gauntlet | Killed a soul eater
 11962 | Gauntlet | Reached skill level 10 in Unarmed Combat
 12014 | Gauntlet | Killed a wizard
 12020 | Gauntlet | Killed a wizard
 12052 | Gauntlet | Identified the ring of Vuk Xeaf {rPois Dex+4}
 12083 | Gauntlet | Reached skill level 10 in Fighting
 12100 | Gauntlet | Identified the -3 helmet of Purpose {rN+ Str+3}
 12136 | Gauntlet | Noticed a minotaur
 12154 | Gauntlet | Killed a minotaur
 12155 | Gauntlet | Reached XP level 12. HP: 22/126 MP: 17/17
 13099 | Lair:2   | Noticed a six-headed hydra
 13132 | Lair:1   | Banished a six-headed hydra
 13332 | Lair:2   | Found a hole to the Spider Nest.
 13600 | Lair:2   | Noticed a six-headed hydra
 13608 | Lair:2   | Banished a seven-headed hydra
 14127 | Lair:3   | Noticed a six-headed hydra
 14141 | Lair:3   | Killed a six-headed hydra
 14142 | Lair:3   | Reached skill level 1 in Armour
 14193 | Lair:3   | Found a runed translucent door.
 14193 | Lair:3   | Noticed polve's ghost (journeyman DsAK)
 14218 | Lair:3   | Killed polve's ghost
 14391 | Lair:3   | Noticed an eight-headed hydra
 14578 | Lair:3   | Banished a nine-headed hydra
 14582 | Lair:3   | Reached XP level 13. HP: 115/133 MP: 13/18
 14865 | Lair:3   | Found a staircase to the Swamp.
 15732 | Lair:4   | HP: 6/137 [poisoned by a cane toad]
 16766 | Lair:5   | Found a staircase to the Slime Pits.
 17133 | Lair:5   | You fall into a shaft and drop 1 floor!
 17133 | Lair:6   | Entered Level 6 of the Lair of Beasts
 17301 | Lair:5   | Reached skill level 5 in Dodging
 17664 | Lair:5   | Reached skill level 10 in Shields
 17765 | Lair:6   | Noticed an entropy weaver
 17772 | Lair:6   | Noticed an entropy weaver
 17868 | Lair:4   | Reached XP level 14. HP: 60/146 MP: 19/19
 17941 | Lair:5   | Reached skill level 5 in Armour
 18131 | Lair:6   | Reached ****** piety under Lugonu
 18247 | Lair:6   | Found a large runed translucent door.
 18248 | Lair:6   | Found a large runed translucent door.
 19463 | Lair:6   | Identified a scroll of acquirement
 19464 | Lair:6   | Acquired a manual of Slings
 19691 | D:12     | Killed Fannar
 20429 | D:13     | Found a frozen archway.
 20444 | IceCv    | Entered an ice cave
 20958 | IceCv    | Noticed a frost giant
 20978 | IceCv    | Killed a frost giant
 21004 | IceCv    | Reached XP level 15. HP: 42/153 MP: 20/20
 21067 | IceCv    | Identified the +5 spear "Gikun" {pain, Str+3}
 21429 | D:14     | Identified Roxanne's Catalogue of Stones
 21429 | D:14     | Noticed Roxanne
 21491 | D:14     | Killed Roxanne
 21814 | D:14     | Noticed Azrael
 21893 | D:14     | Killed Azrael
 22791 | D:13     | Noticed Sonja
 23191 | D:13     | Cast into level 1 of the Abyss (Sonja)
 23258 | Abyss:1  | Noticed a tentacled starspawn
 23261 | D:13     | Escaped the Abyss
 23309 | D:13     | Found a gate to the Vaults.
 23551 | D:13     | Found a gate to the Vaults.
 23765 | D:13     | Killed Sonja
 24004 | D:15     | Entered Level 15 of the Dungeon
 24616 | D:15     | Noticed Jorgrun
 25081 | Spider:1 | Entered Level 1 of the Spider Nest
 26164 | Spider:1 | HP: 7/153 [poisoned by a redback]
 26856 | Spider:2 | Escaped the Abyss
 27346 | Spider:2 | Reached XP level 16. HP: 159/162 MP: 21/21
 27473 | Spider:2 | Noticed Arachne
 27488 | Spider:2 | Corrupted Spider:2
 27495 | Spider:2 | Killed Arachne
 27526 | Spider:2 | Noticed a lich
 28371 | Spider:3 | Noticed Nikola
 28416 | Spider:3 | Corrupted Spider:3
 28416 | Spider:3 | Noticed a tentacled starspawn
 28416 | Spider:3 | Noticed a tentacled starspawn
 28426 | Spider:3 | Killed Nikola
 28433 | Spider:3 | Noticed a tentacled starspawn
 28766 | Spider:4 | Entered Level 4 of the Spider Nest
 28782 | Spider:4 | Noticed Agnes
 28783 | Spider:4 | Corrupted Spider:4
 28783 | Spider:4 | Noticed a tentacled starspawn
 28783 | Spider:4 | Noticed a bone dragon
 28784 | Spider:4 | Noticed a tentacled starspawn
 28926 | Spider:4 | Killed Agnes
 29392 | Spider:4 | Reached skill level 15 in Shields
 29507 | Spider:4 | Found a runed translucent door.
 29508 | Spider:4 | Found a shimmering altar of Xom.
 29508 | Spider:4 | Noticed stripedtigrrr's ghost (adept DsAK)
 29508 | Spider:4 | Identified the +7 morningstar "Siusoneg" {chaos, Str+2}
 29776 | Spider:4 | Killed stripedtigrrr's ghost
 30072 | Spider:4 | Got a gossamer rune of Zot
 30253 | Swamp:1  | Entered Level 1 of the Swamp
 30472 | Swamp:1  | Found the +2 Maxwell's thermic engine {flame, freeze}
 31133 | Swamp:2  | You fall into a shaft and drop 1 floor!
 31486 | Swamp:3  | Reached XP level 17. HP: 166/170 MP: 22/22
 31494 | Swamp:3  | Identified the amulet "Semen" {RegenMP Will+}
 31800 | Swamp:2  | Found a bloodstained altar of Trog.
 32549 | Swamp:4  | Entered Level 4 of the Swamp
 32864 | Swamp:4  | Noticed Kirke
 32887 | Swamp:4  | Killed Kirke
 32951 | Swamp:4  | Noticed Donald
 32981 | Swamp:4  | Killed Donald
 33123 | Swamp:4  | Noticed the 27-headed Lernaean hydra
 33130 | Swamp:4  | Noticed Louise
 33132 | Swamp:4  | Corrupted Swamp:4
 33146 | Swamp:4  | Killed the 27-headed Lernaean hydra
 33169 | Swamp:4  | Killed Louise
 33256 | Swamp:4  | Got a decaying rune of Zot
 33991 | D:15     | Found a staircase to the Depths.
 34048 | D:15     | Corrupted D:15
 34049 | D:15     | Noticed a bone dragon
 34051 | D:15     | Killed Jorgrun
 34058 | D:15     | Noticed a lich
 34379 | Depths:1 | Entered Level 1 of the Depths
 34460 | Depths:1 | Found Jexkurojel's Elemental Accessories.
 34678 | D:15     | Reached skill level 10 in Armour
 34678 | D:15     | Reached skill level 10 in Dodging
 34845 | Depths:1 | Found the +10 Black Knight's barding {ponderous, rPois rN+}
 34848 | Depths:1 | Found a runed translucent door.
 35018 | Depths:1 | Found a gateway to Hell.
 35235 | Depths:1 | Reached skill level 15 in Unarmed Combat
 35303 | Depths:1 | Reached XP level 18. HP: 167/181 MP: 23/23
 35907 | Depths:1 | Found a runed translucent gate.
 35907 | Depths:1 | Found a runed translucent gate.
 35907 | Depths:1 | Noticed glosham's ghost (adept KoAK)
 35908 | Depths:1 | Found a runed translucent gate.
 35908 | Depths:1 | Noticed Zogo's ghost (veteran OpDe)
 36134 | Depths:1 | Found a one-way gate leading to the halls of Pandemonium.
 36951 | Orc:2    | Entered Level 2 of the Orcish Mines
 37242 | Orc:2    | Found a staircase to the Elven Halls.
 38194 | Orc:2    | Found Xagatied's Antique Armour Shoppe.
 38195 | Orc:2    | Found Ikkimn's Antique Weapon Emporium.
 38197 | Orc:2    | Found Juipeivo's General Store.
 38197 | Orc:2    | Found Lumm's Book Shoppe.
 38202 | Orc:2    | Bought a slimy hat for 306 gold pieces
 38202 | Orc:2    | Identified the +0 hat "Logulait" {rC+} (You bought it in a
                  | shop on level 2 of the Orcish Mines)
 38218 | Orc:2    | Bought a scroll of enchant armour for 112 gold pieces
 38483 | Elf:1    | Entered Level 1 of the Elven Halls
 38770 | Elf:1    | Identified the Compendium of Black Rituals
 38909 | Elf:1    | Found Iphiysmonn's Assorted Antiques.
 38913 | Elf:1    | Found Sum Orph's Book Shop.
 38914 | Elf:1    | Found Ximig's Jewellery Boutique.
 38917 | Elf:1    | Bought a scroll of summoning for 199 gold pieces
 38917 | Elf:1    | Bought a scroll of teleportation for 63 gold pieces
 38917 | Elf:1    | Bought a scroll of magic mapping for 73 gold pieces
 38917 | Elf:1    | Bought a potion of curing for 63 gold pieces
 38917 | Elf:1    | Bought a scroll of teleportation for 63 gold pieces
 38917 | Elf:1    | Bought a wand of acid (9) for 168 gold pieces
 39032 | Elf:1    | Found Riesm's Magic Scroll Boutique.
 39050 | Elf:1    | Bought a scroll of blinking for 97 gold pieces
 40702 | Elf:2    | Found a huge runed translucent gate.
 40702 | Elf:2    | Found a huge runed translucent gate.
 40702 | Elf:2    | Found a huge runed translucent gate.
 40702 | Elf:2    | Found a huge runed translucent gate.
 40703 | Elf:2    | Found a huge runed translucent gate.
 41055 | Elf:2    | Reached XP level 19. HP: 119/197 MP: 24/24
 41835 | Elf:3    | Entered Level 3 of the Elven Halls
 41851 | Elf:3    | Identified the +6 spear of Hiumeast {vamp, *Contam rPois
                  | Will+}
 42551 | Elf:3    | Found Pasuxzab's Book Shop.
 42551 | Elf:3    | Found Metutt's Jewellery Emporium.
 42552 | Elf:3    | Found Ahufos's Book Shop.
 43056 | Elf:3    | Noticed a Tzitzimitl
 43062 | Elf:3    | Identified the +10 falchion "Duqacl Qasay" {venom, Int+2}
 43223 | Elf:3    | Identified the +9 dagger of Abomination {flame, rElec rPois
                  | Str+2 Dex+2 Stlth+}
 43223 | Elf:3    | Identified the +11 broad axe "Ilecooh" {holy, rN+ Str+4}
 43233 | Elf:3    | Identified the +8 halberd of the Eternal Warrior {freeze,
                  | Dex+2 SInv Stlth-}
 43237 | Elf:3    | Reached skill level 15 in Fighting
 43250 | Elf:3    | Cast into level 3 of the Abyss (a deep elf sorcerer)
 43270 | Abyss:3  | Found a corrupted altar of Lugonu.
 43320 | Abyss:3  | Paralysed by you for 3 turns
 43491 | Elf:3    | Escaped the Abyss
 43501 | Elf:3    | Identified the +6 glaive of Fapnos {flame, +Blink Str-2
                  | Int+2 SInv}
 43501 | Elf:3    | Identified the ring of Existentialism {Fire Slay+3}
 43837 | Elf:3    | Gained mutation: You occasionally shout uncontrollably at
                  | your foes. [a cacodemon]
 43838 | Elf:3    | Noticed a Brimstone Fiend
 43845 | Elf:3    | Reached skill level 1 in Spellcasting
 43879 | Elf:3    | Noticed a Tzitzimitl
 44058 | Elf:3    | Learned a level 6 spell: Statue Form
 44070 | Elf:3    | Identified the +5 falchion "Embalmer" {vorpal, rC+ SInv}
 44078 | Elf:3    | Noticed a Brimstone Fiend
 44095 | Elf:3    | Reached skill level 1 in Earth Magic
 44699 | Elf:3    | Identified the +5 battleaxe "Gitypt" {vorpal, Int+3}
 44779 | Elf:3    | Identified the +10 arbalest "Concordance" {elec, +Fly
                  | Dex+2}
 44795 | Elf:3    | Identified the +6 arbalest of Duprog {venom, Str+4}
 45066 | Vaults:1 | Entered Level 1 of the Vaults
 45077 | Vaults:1 | Reached skill level 1 in Transmutations
 45370 | Vaults:1 | Found Jixum's Armour Emporium.
 45379 | Vaults:1 | Found Gozag's Assorted Antiques.
 45398 | Vaults:1 | Reached XP level 20. HP: 162/210 MP: 25/25
 45588 | Vaults:1 | Found an opulent altar of Gozag.
 45588 | Vaults:1 | Found Gozag's Antique Armour Shoppe.
 45806 | Vaults:1 | Found Gozag's Antique Armour Emporium.
 46594 | Vaults:1 | Reached skill level 5 in Earth Magic
 46908 | D:10     | Killed Ijustatesigmund's ghost
 47226 | Vaults:2 | Found a bloodstained altar of Trog.
 47729 | Vaults:2 | Reached skill level 5 in Transmutations
 47900 | Vaults:2 | Found a staircase to the Crypt.
 48011 | Vaults:2 | Reached skill level 5 in Spellcasting
 48590 | Vaults:2 | Identified Vurphuva's Incunabulum of Mutagenic Fire
 48946 | Vaults:2 | Reached XP level 21. HP: 213/218 MP: 28/28
 49110 | Vaults:2 | Found Wusueh's Armour Shop.
 50345 | Vaults:3 | Noticed Jory
 50372 | Vaults:3 | Killed Jory
 51150 | Vaults:4 | Noticed Mennas
 52281 | Vaults:4 | HP: 5/218 [ironbound frostheart/frost[a vault warden] (12)]
 52707 | Vaults:4 | Killed Mennas
 52985 | Vaults:4 | Reached XP level 22. HP: 206/226 MP: 31/31
 53260 | Vaults:5 | Entered Level 5 of the Vaults
 53261 | Vaults:5 | Corrupted Vaults:5
 53689 | Vaults:5 | Noticed an ancient lich
 53691 | Vaults:5 | HP: 10/210 [ancient lich/crystal spear (38)]
 53693 | Vaults:5 | Killed an ancient lich
 53745 | Vaults:5 | Identified the ring "Poican" {*Drain rF+ Will+ SInv}
 53749 | Vaults:5 | Noticed a golden dragon
 53765 | Vaults:5 | Killed a golden dragon
 53766 | Vaults:5 | Reached skill level 10 in Earth Magic
 53775 | Vaults:5 | Noticed an ancient lich
 53796 | Vaults:5 | Killed an ancient lich
 53992 | Vaults:5 | Noticed a dread lich
 54016 | Vaults:5 | Killed a dread lich
 54763 | Vaults:5 | Identified the +11 broad axe "Yroruhadd" {vorpal, Str+4
                  | Dex+2}
 55081 | Abyss:1  | Found a corrupted altar of Lugonu.
 55230 | Abyss:1  | Found a corrupted altar of Lugonu.
 55498 | Abyss:1  | Reached XP level 23. HP: 177/211 MP: 34/34
 55785 | Abyss:1  | Found a burning altar of Makhleb.
 55817 | Abyss:1  | Found a burning altar of Makhleb.
 55864 | Abyss:1  | Gained mutation: You are resistant to electric shocks.
                  | (rElec) [a neqoxec]
 55866 | Abyss:1  | Gained mutation: You are frail. (-10% HP) [a neqoxec]
 55868 | Abyss:1  | Gained mutation: You have a pair of small horns on your
                  | head. [a neqoxec]
 55874 | Abyss:1  | Lost mutation: You are frail. (-10% HP) [potion of
                  | mutation]
 55874 | Abyss:1  | Lost mutation: You have a pair of small horns on your head.
                  | [potion of mutation]
 55874 | Abyss:1  | Gained mutation: You passively map a small area around you.
                  | [potion of mutation]
 55874 | Abyss:1  | Lost mutation: You passively map a small area around you.
                  | [potion of mutation]
 55874 | Abyss:1  | Gained mutation: You are robust. (+10% HP) [potion of
                  | mutation]
 55874 | Abyss:1  | Gained mutation: You are covered in thick fur. (AC +2)
                  | [potion of mutation]
 55875 | Vaults:5 | Escaped the Abyss
 55879 | Vaults:5 | Noticed a dread lich
 55921 | Vaults:5 | HP: 11/258 [orc knight/+1 great sword (10)]
 56181 | Abyss:1  | Noticed an ancient lich
 56218 | Abyss:1  | Killed an ancient lich
 56403 | Abyss:1  | Paralysed by accursed screaming for 2 turns
 56404 | Abyss:1  | Reached skill level 10 in Transmutations
 56409 | Abyss:1  | Paralysed by accursed screaming for 1 turns
 56413 | Abyss:1  | Paralysed by accursed screaming for 1 turns
 56736 | Abyss:1  | Noticed a dread lich
 56748 | Abyss:1  | Killed a dread lich
 56917 | Abyss:1  | Found an ancient bone altar of Kikubaaqudgha.
 57017 | Abyss:1  | Found an ancient bone altar of Kikubaaqudgha.
 57270 | Vaults:5 | Escaped the Abyss
 57298 | Vaults:5 | Killed a dread lich
 57624 | Vaults:5 | Paralysed by a sphinx for 5 turns
 57847 | Vaults:5 | Identified Sif Muna's Collected Works on Orientation
 57890 | Vaults:5 | Identified the Catalogue of the Bewitching Snowflakes
 58068 | Vaults:5 | Got a silver rune of Zot
 58091 | Vaults:5 | Reached XP level 24. HP: 187/233 MP: 35/35
 58614 | Vaults:5 | Identified the +2 robe of the Enchanted Forest {rPois rC+
                  | SInv}
 59088 | Depths:1 | Killed glosham's ghost
 59744 | Depths:1 | Identified the -5 pair of boots of Parts Unknown {Harm
                  | rPois Regen+ Str+2}
 60024 | Depths:1 | Killed Zogo's ghost
 60025 | Depths:1 | Reached skill level 10 in Spellcasting
 60847 | Depths:2 | Noticed a royal mummy
 60867 | Depths:2 | Noticed a royal mummy
 60902 | Depths:2 | Killed a royal mummy
 60902 | Depths:2 | HP: 11/259 [torment (8)]
 61782 | Depths:2 | Killed a royal mummy
 61782 | Depths:2 | HP: 10/269 [something (28)]
 62007 | Depths:2 | Noticed a royal mummy
 62032 | Depths:2 | Killed a royal mummy
 62341 | Depths:3 | Noticed an ancient lich
 62362 | Depths:3 | Found a gateway to a ziggurat.
 62381 | Depths:3 | Killed an ancient lich
 62638 | Depths:3 | Noticed Margery
 62848 | Depths:3 | Killed Margery
 63195 | Depths:3 | Paralysed by a floating eye for 3 turns
 63346 | Depths:3 | Reached XP level 25. HP: 278/278 MP: 36/36
 64335 | Depths:4 | Noticed Xtahua
 64348 | Depths:4 | Killed Xtahua
 65136 | Depths:4 | Noticed a juggernaut
 65170 | Depths:4 | Killed a juggernaut
 65242 | Depths:4 | Identified the +7 hunting sling "Demonslayer" {flame,
                  | *Contam rN+ Dex+3}
 65558 | Depths:5 | Entered Level 5 of the Depths
 65854 | Depths:5 | Reached skill level 15 in Earth Magic
 66233 | Depths:5 | Reached XP level 26. HP: 281/288 MP: 37/37
 66255 | Depths:5 | Found a gate to the Realm of Zot.
 66280 | Depths:5 | Identified the Volume of the Blaze and Dark Secrets
 66291 | Zot:1    | Entered Level 1 of the Realm of Zot
 67668 | Crypt:1  | Entered Level 1 of the Crypt
 68766 | Crypt:2  | Found a transporter.
 69310 | Crypt:2  | Noticed Alura's ghost (veteran MiBe)
 69315 | Crypt:2  | Found a transporter.
 70038 | Crypt:3  | Entered Level 3 of the Crypt
 70635 | Crypt:3  | Identified the ring of the Eleven Visions {rC+ rN+ Dex+2
                  | Slay-4 Stlth+}
 70635 | Crypt:3  | Identified the ring "Waophirgh" {*Contam +Inv rF+ rN+
                  | Int+3}
 70635 | Crypt:3  | Identified the ring "Sedeseg" {+Blink rElec rC+ rN+}
 70857 | Crypt:3  | Found an ancient bone altar of Kikubaaqudgha.
 70859 | Crypt:3  | Noticed an ancient lich
 70883 | Crypt:3  | Killed an ancient lich
 70933 | Crypt:3  | Noticed an ancient lich
 70943 | Crypt:3  | Killed an ancient lich
 71202 | Crypt:3  | Found a staircase to the Tomb.
 71231 | Crypt:3  | Identified the Volume of Displaced Hexes
 71947 | Crypt:2  | Reached XP level 27. HP: 294/295 MP: 38/38
 72000 | Crypt:2  | Killed Alura's ghost
 72663 | Zot:2    | Found a runed translucent gate.
 72663 | Zot:2    | Found a runed translucent gate.
 72663 | Zot:2    | Found an opulent altar of Gozag.
 72663 | Zot:2    | Found a runed translucent gate.
 72665 | Zot:2    | Noticed Ofughuath's ghost (legendary MiFi)
 72666 | Zot:2    | Found Jiafauntapt's Assorted Antiques.
 73928 | Zot:2    | Reached skill level 15 in Transmutations
 76521 | Zot:4    | Identified the +3 ring mail "Acibuej" {-Cast Int+6}
 76527 | Zot:4    | Identified the +2 cloak "Leqoost" {-Tele Int+7}
 76534 | Zot:4    | Identified the +6 scimitar "Quinum" {vamp, Str+7}
 78134 | Zot:5    | Entered Level 5 of the Realm of Zot
 78692 | Zot:5    | Noticed an orb of fire
 78694 | Zot:5    | Lost mutation: You are robust. (+10% HP) [an orb of fire]
 78706 | Zot:5    | Killed an orb of fire
 79448 | Zot:5    | Noticed an orb of fire
 79450 | Zot:5    | Gained mutation: You are frail. (-10% HP) [an orb of fire]
 79457 | Zot:5    | Noticed an orb of fire
 79459 | Zot:5    | Noticed a dread lich
 79487 | Zot:5    | Noticed a dread lich
 79488 | Zot:5    | Gained mutation: You are clumsy. (Dex -2) [an orb of fire]
 79495 | Zot:5    | Paralysed by a dread lich for 3 turns
 79496 | Zot:5    | Gained mutation: Your spells are a little easier to cast,
                  | but a little less powerful. [an orb of fire]
 79496 | Zot:5    | Gained mutation: You sometimes yell uncontrollably at your
                  | foes. [an orb of fire]
 79779 | Zot:5    | Gained mutation: You are very clumsy. (Dex -4) [an orb of
                  | fire]
 79781 | Zot:5    | Gained mutation: Your spells are easier to cast, but less
                  | powerful. [an orb of fire]
 79785 | Zot:5    | Gained mutation: You are weak. (Str -2) [an orb of fire]
 79804 | Zot:5    | Gained mutation: Scrolls take you a little longer to read.
                  | [an orb of fire]
 79806 | Zot:5    | Gained mutation: You are occasionally teleported next to
                  | monsters. [an orb of fire]
 79812 | Zot:5    | Killed an orb of fire
 80342 | Zot:5    | Noticed an orb of fire
 80351 | Zot:5    | Gained mutation: Your body sometimes deteriorates upon
                  | taking damage. [an orb of fire]
 80363 | Zot:5    | Killed an orb of fire
 80523 | Zot:5    | Killed a dread lich
 80602 | Zot:5    | HP: 3/243 [yellow draconian knight/bolt of cold (12)]
 80626 | Zot:5    | HP: 11/243 [Executioner[a Zot trap] (14)]
 81070 | Zot:5    | Killed a dread lich
 81221 | Zot:5    | Gained mutation: Your spells are much easier to cast, but
                  | much less powerful. [an orb of fire]
 81227 | Zot:5    | Gained mutation: Your magical capacity is low. (-10% MP)
                  | [an orb of fire]
 81228 | Zot:5    | Killed an orb of fire
 81454 | Hell     | Entered the Vestibule of Hell
 81454 | Hell     | Noticed Geryon
 81576 | Hell     | Corrupted Hell
 82458 | Hell     | HP: 4/225 [tentacle[a kraken zombie] (9)]
 83682 | Hell     | Found a gateway to the Iron City of Dis.
 83723 | Hell     | Killed Geryon
 83832 | Hell     | Found a gateway to the decaying netherworld of Tartarus.
 83897 | Hell     | Found a gateway to the freezing wastes of Cocytus.
 84086 | Hell     | Found a gateway to the ashen valley of Gehenna.
 84366 | Depths:5 | Voluntarily entered the Abyss.
 84496 | Abyss:3  | Found a glowing golden altar of the Shining One.
 84741 | Abyss:3  | Noticed a juggernaut
 84763 | Abyss:3  | Killed a juggernaut
 84773 | Abyss:3  | Got an abyssal rune of Zot
 84777 | Abyss:3  | Found a glowing golden altar of the Shining One.
 84808 | Depths:5 | Escaped the Abyss
 85131 | Slime:1  | Entered Level 1 of the Pits of Slime
 85574 | Slime:5  | Entered Level 5 of the Pits of Slime
 85693 | Slime:5  | Found a viscous altar of Jiyva.
 85694 | Slime:5  | Noticed the Royal Jelly
 85722 | Slime:5  | Corrupted Slime:5
 85730 | Slime:5  | Killed the Royal Jelly
 86112 | Slime:5  | Got a slimy rune of Zot
 86115 | Slime:5  | Identified the +2 robe of Weirdness {*Corrode rPois Will++
                  | SInv}
 86139 | Slime:5  | Identified the ring "Zaxtuige" {rN+ rCorr}
 86144 | Slime:5  | Identified the +2 quarterstaff "Peyp" {vorpal, rC+ rN+
                  | Stlth+}
 86167 | Slime:5  | Identified Sif Muna's Collected Works on Spatial Fire
 86217 | Slime:5  | Acquired 959 gold pieces
 87161 | Zot:2    | Killed Ofughuath's ghost
 87403 | Geh:1    | Entered Level 1 of Gehenna
 88124 | Geh:3    | HP: 10/325 [hell knight/+4 long sword of flaming (13)]
 88126 | Hell     | HP: 2/325 [hell knight/+5 great sword of flaming (5)]
 90185 | Geh:6    | Reached skill level 27 in Unarmed Combat
 90405 | Geh:7    | Entered Level 7 of Gehenna
 91133 | Abyss:1  | Gained mutation: You are very frail. (-20% HP) [a neqoxec]
 91386 | Geh:7    | Escaped the Abyss
 91550 | Geh:7    | Found the +7 sceptre of Asmodeus
 91550 | Geh:7    | Noticed Asmodeus
 91563 | Geh:7    | Killed Asmodeus
 91618 | Geh:7    | Got an obsidian rune of Zot
 91717 | Geh:7    | Reached skill level 10 in Invocations
 92619 | Coc:1    | Entered Level 1 of Cocytus
 93369 | Coc:1    | Lost mutation: Your magical capacity is low. (-10% MP)
                  | [potion of mutation]
 93369 | Coc:1    | Gained mutation: You are partially covered in molten
                  | scales. (AC +2) [potion of mutation]
 93370 | Coc:1    | Lost mutation: You are weak. (Str -2) [potion of mutation]
 93370 | Coc:1    | Lost mutation: Scrolls take you a little longer to read.
                  | [potion of mutation]
 93370 | Coc:1    | Lost mutation: You are very frail. (-20% HP) [potion of
                  | mutation]
 93370 | Coc:1    | Lost mutation: You are occasionally teleported next to
                  | monsters. [potion of mutation]
 93370 | Coc:1    | Lost mutation: You are frail. (-10% HP) [potion of
                  | mutation]
 93370 | Coc:1    | Lost mutation: Your body sometimes deteriorates upon taking
                  | damage. [potion of mutation]
 93370 | Coc:1    | Gained mutation: Your muscles are strong. (Str +2) [potion
                  | of mutation]
 94471 | Coc:7    | Entered Level 7 of Cocytus
 94920 | Coc:7    | Identified the +2 leather armour "Xustun" {+Blink rN+
                  | Int-3}
 94958 | Coc:7    | Identified the ring "Birasuun" {rElec rPois rF+++ Int-2
                  | SInv}
 95052 | Coc:7    | Reached skill level 15 in Armour
 95262 | Coc:7    | Noticed Antaeus
 95458 | Coc:7    | Escaped the Abyss
 95487 | Coc:7    | Killed Antaeus
 95512 | Coc:7    | Got an icy rune of Zot
 95684 | Tar:1    | Entered Level 1 of Tartarus
 97824 | Tar:5    | Escaped the Abyss
 98085 | Tar:7    | Entered Level 7 of Tartarus
 98639 | Tar:7    | Noticed Ereshkigal
 98663 | Tar:7    | Killed Ereshkigal
 98750 | Tar:7    | Found the +6 shillelagh "Devastator" {shatter}
 98751 | Tar:7    | Identified the Collected Works on Spatial Ice
 98753 | Tar:7    | Identified the Compendium of Burning Feathers
 98956 | Tar:7    | Identified the +7 spear of Overwhelming Force {flame, rF+++
                  | Will+ Str-2 Dex-4}
 98958 | Tar:7    | Identified the ring "Vatebeip" {+Fly rF+ Str-2 Dex+4 SInv}
 98979 | Tar:7    | Identified the +1 rapier of Mesumie {venom, rElec rC+
                  | Str+4}
 98982 | Tar:7    | Got a bone rune of Zot
 99162 | Dis:1    | Entered Level 1 of the Iron City of Dis
 99467 | Dis:2    | Reached skill level 15 in Invocations
100367 | Dis:5    | Reached skill level 15 in Dodging
100474 | Dis:7    | Entered Level 7 of the Iron City of Dis
101082 | Dis:7    | Identified the amulet "Syun" {Regen+ MP+9}
101156 | Dis:7    | Identified the +2 great sword of Slime {freeze, *Slow rPois
                  | MP+9 Dex+2}
101187 | Dis:7    | Identified the Tome of Ensnaring Intoxication
101191 | Dis:7    | Identified Fypp's Guide on Poisoning and Cold
101216 | Dis:7    | Found the +4 staff of Dispater
101216 | Dis:7    | Noticed Dispater
101231 | Dis:7    | Killed Dispater
101237 | Dis:7    | Lost mutation: You sometimes yell uncontrollably at your
                  | foes. [a cacodemon]
101243 | Dis:7    | Lost mutation: Your muscles are strong. (Str +2) [a
                  | cacodemon]
101292 | Dis:7    | Got an iron rune of Zot
101467 | Pan      | Entered Pandemonium
101545 | Pan      | Entered the realm of Mnoleg.
101565 | Pan      | Gained mutation: Scrolls take you a little longer to read.
                  | [a cacodemon]
101691 | Pan      | Noticed Mnoleg
101711 | Pan      | Killed Mnoleg
101813 | Pan      | Got a glowing rune of Zot
101841 | Pan      | Gained mutation: You are weak. (Str -2) [a shining eye]
102132 | Pan      | Identified the ring "Ykhuthugg" {+Blink rPois Dex+4}
102212 | Pan      | Entered the realm of Lom Lobon.
102735 | Pan      | Noticed Lom Lobon
102759 | Pan      | Killed Lom Lobon
102761 | Pan      | Got a magical rune of Zot
102973 | Pan      | Found a huge runed translucent gate.
103040 | Pan      | Found a huge runed translucent gate.
103048 | Pan      | Found a huge runed translucent gate.
103048 | Pan      | Found a huge runed translucent gate.
103052 | Pan      | Found a huge runed translucent gate.
103053 | Pan      | Found a huge runed translucent gate.
103067 | Pan      | Found a huge runed translucent gate.
103076 | Pan      | Noticed Osehoth the pandemonium lord
103097 | Pan      | Killed Osehoth the pandemonium lord
103721 | Pan      | Found an exit through the horrors of the Abyss.
103944 | Pan      | Gained mutation: You have sharp toenails. [a cacodemon]
103949 | Pan      | Noticed Loj Ameo the pandemonium lord
103962 | Pan      | Killed Loj Ameo the pandemonium lord
104044 | Pan      | Gained mutation: Scrolls take you longer to read. [a
                  | cacodemon]
104055 | Pan      | Noticed Jaorut the pandemonium lord
104065 | Pan      | Killed Jaorut the pandemonium lord
104084 | Pan      | Gained mutation: Your magical capacity is low. (-10% MP) [a
                  | cacodemon]
104174 | Pan      | Entered the realm of Gloorx Vloq.
104673 | Pan      | Noticed Gloorx Vloq
104686 | Pan      | Killed Gloorx Vloq
104903 | Pan      | Got a dark rune of Zot
105051 | Pan      | Found a transporter.
105095 | Pan      | Entered the realm of Cerebov.
105218 | Pan      | Identified the ring of Jealousy {rElec rC+ rN+ Str-2 Int+8}
105449 | Pan      | Identified the +7 long sword "Ynwuc" {freeze, rElec rC++}
105449 | Pan      | Identified the amulet "Luopasov" {Acrobat rF+ Int+3}
105513 | Pan      | Found the +6 sword of Cerebov {flame}
105513 | Pan      | Noticed Cerebov
105557 | Pan      | Identified Sif Muna's Catalogue of Glacial Fire
105589 | Pan      | Killed Cerebov
105619 | Pan      | Got a fiery rune of Zot
105765 | Pan      | Lost mutation: You occasionally shout uncontrollably at
                  | your foes. [potion of mutation]
105765 | Pan      | Lost mutation: You are covered in thick fur. (AC +2)
                  | [potion of mutation]
105765 | Pan      | Lost mutation: You have sharp toenails. [potion of
                  | mutation]
105765 | Pan      | Gained mutation: You are strong-willed. (Will+) [potion of
                  | mutation]
105766 | Pan      | Lost mutation: You are weak. (Str -2) [potion of mutation]
105766 | Pan      | Lost mutation: Scrolls take you longer to read. [potion of
                  | mutation]
105766 | Pan      | Lost mutation: Scrolls take you a little longer to read.
                  | [potion of mutation]
105766 | Pan      | Lost mutation: Your magical capacity is low. (-10% MP)
                  | [potion of mutation]
105766 | Pan      | Gained mutation: You have a pair of small antennae on your
                  | head. [potion of mutation]
105793 | Pan      | Noticed Webrezib the pandemonium lord
105802 | Pan      | Killed Webrezib the pandemonium lord
106264 | Pan      | Gained mutation: Your body sometimes deteriorates upon
                  | taking damage. [a neqoxec]
106510 | Pan      | Found an exit through the horrors of the Abyss.
106658 | Pan      | Reached skill level 1 in Evocations
107087 | Pan      | Noticed Wazicka the pandemonium lord
107113 | Pan      | Killed Wazicka the pandemonium lord
107361 | Pan      | Found an exit through the horrors of the Abyss.
107379 | Pan      | Noticed Kissadys the pandemonium lord
107396 | Pan      | Killed Kissadys the pandemonium lord
107744 | Pan      | Found a glowing silver altar of Zin.
108535 | Pan      | Found a white marble altar of Elyvilon.
108624 | Pan      | Acquired 948 gold pieces
109262 | Pan      | Found a glowing golden altar of the Shining One.
109263 | Pan      | Noticed a seraph
109268 | Pan      | Killed a seraph
109285 | Pan      | Identified the ring of Mistrust {rElec rPois EV+4 Str-3
                  | Dex+4}
109295 | Pan      | Got a demonic rune of Zot
109359 | Depths:1 | Escaped Pandemonium
109876 | Tomb:1   | Entered Level 1 of the Tomb of the Ancients
110308 | Tomb:1   | Corrupted Tomb:1
110315 | Tomb:1   | Killed a royal mummy
110323 | Tomb:1   | Killed a royal mummy
110327 | Tomb:1   | Noticed a royal mummy
110330 | Tomb:1   | Noticed a royal mummy
110331 | Tomb:1   | Noticed a royal mummy
110334 | Tomb:1   | Noticed a royal mummy
110335 | Tomb:1   | Noticed a royal mummy
110338 | Tomb:1   | Killed a royal mummy
110340 | Tomb:1   | Noticed a royal mummy
110341 | Tomb:1   | Killed a royal mummy
110344 | Tomb:1   | Killed a royal mummy
110350 | Tomb:1   | Killed a royal mummy
110354 | Tomb:1   | Killed a royal mummy
110357 | Tomb:1   | Killed a royal mummy
110367 | Tomb:1   | Killed a royal mummy
110541 | Tomb:1   | Noticed a royal mummy
110542 | Tomb:1   | Noticed a royal mummy
110545 | Tomb:1   | Noticed a royal mummy
110550 | Tomb:1   | Killed a royal mummy
110553 | Tomb:1   | Killed a royal mummy
110553 | Tomb:1   | Noticed a royal mummy
110576 | Tomb:1   | HP: 15/373 [emperor scorpion[a royal mummy] (7)]
110589 | Tomb:1   | HP: 17/373 [??? (4)]
110710 | Tomb:1   | Killed a royal mummy
110715 | Tomb:1   | Killed a royal mummy
110913 | Tomb:1   | Noticed a royal mummy
110922 | Tomb:1   | Killed a royal mummy
110998 | Tomb:1   | Noticed a royal mummy
111007 | Tomb:1   | Killed a royal mummy
111024 | Tomb:1   | Noticed a royal mummy
111033 | Tomb:1   | Noticed a royal mummy
111042 | Tomb:1   | Killed a royal mummy
111050 | Tomb:1   | Killed a royal mummy
111110 | Tomb:1   | Noticed a royal mummy
111127 | Tomb:1   | Noticed a royal mummy
111131 | Tomb:1   | Noticed a royal mummy
111133 | Tomb:1   | Killed a royal mummy
111134 | Tomb:1   | Reached skill level 27 in Fighting
111135 | Tomb:1   | Noticed a royal mummy
111141 | Tomb:1   | Killed a royal mummy
111149 | Tomb:1   | HP: 15/419 [emperor scorpion[a royal mummy] (18)]
111150 | Tomb:1   | Killed a royal mummy
111637 | Tomb:1   | Killed a royal mummy
111982 | Tomb:3   | Entered Level 3 of the Tomb of the Ancients
112023 | Tomb:3   | Noticed a royal mummy
112024 | Tomb:3   | Noticed a royal mummy
112032 | Tomb:3   | HP: 16/399 [skeletal warrior/+0 war axe (10)]
112035 | Tomb:3   | Found the macabre finger necklace {rN+}
112037 | Tomb:3   | HP: 15/399 [??? (3)]
112046 | Tomb:2   | HP: 20/400 [torment (5)]
112141 | Tomb:3   | Noticed a royal mummy
112150 | Tomb:3   | Killed a royal mummy
112151 | Tomb:3   | Corrupted Tomb:3
112167 | Tomb:3   | Killed a royal mummy
112178 | Tomb:3   | Killed a royal mummy
112194 | Tomb:3   | Noticed a royal mummy
112199 | Tomb:3   | Noticed a royal mummy
112323 | Tomb:3   | Killed a royal mummy
112336 | Tomb:3   | Killed a royal mummy
112340 | Tomb:3   | Killed a royal mummy
112415 | Tomb:3   | Identified the +4 hand axe of the Rattlesnake {flame,
                  | Dex+9}
112583 | Tomb:3   | Noticed a royal mummy
112594 | Tomb:3   | Killed a royal mummy
112596 | Tomb:3   | Noticed a royal mummy
112601 | Tomb:3   | Found the +7 great mace "Firestarter" {inner flame, rF++}
112609 | Tomb:3   | Killed a royal mummy
112674 | Tomb:3   | Identified the ring of Hedonism {MP+9 Str+5 SInv}
112679 | Tomb:3   | Identified the ring "Xiuha Muera" {rF++ SInv}
112687 | Tomb:3   | Identified the ring of Anarchy {rPois rC++ Str+3 Dex-2}
112808 | Tomb:3   | Got a golden rune of Zot
112879 | Tomb:1   | Lost mutation: You are strong-willed. (Will+) [potion of
                  | mutation]
112879 | Tomb:1   | Lost mutation: Your body sometimes deteriorates upon taking
                  | damage. [potion of mutation]
112879 | Tomb:1   | Lost mutation: Your spells are much easier to cast, but
                  | much less powerful. [potion of mutation]
112879 | Tomb:1   | Gained mutation: Your flesh is cold resistant. (rC+)
                  | [potion of mutation]
112880 | Tomb:1   | Lost mutation: Your spells are easier to cast, but less
                  | powerful. [potion of mutation]
112880 | Tomb:1   | Lost mutation: You are partially covered in molten scales.
                  | (AC +2) [potion of mutation]
112880 | Tomb:1   | Lost mutation: Your flesh is cold resistant. (rC+) [potion
                  | of mutation]
112880 | Tomb:1   | Gained mutation: You have a pair of antennae on your head.
                  | [potion of mutation]
112880 | Tomb:1   | Gained mutation: Your flesh is heat resistant. (rF+)
                  | [potion of mutation]
112881 | Tomb:1   | Lost mutation: You are very clumsy. (Dex -4) [potion of
                  | mutation]
112881 | Tomb:1   | Lost mutation: You are clumsy. (Dex -2) [potion of
                  | mutation]
112881 | Tomb:1   | Gained mutation: Your spells are easier to cast, but less
                  | powerful. [potion of mutation]
112881 | Tomb:1   | Gained mutation: You have sharp toenails. [potion of
                  | mutation]
113769 | Zot:5    | Got the Orb of Zot
114226 | Zig:1    | Entered Level 1 of a ziggurat
114248 | Zig:2    | Entered Level 2 of a ziggurat
114267 | Zig:2    | Identified the ring "Poilaopp" {rC- rN++ EV+4 Str+7}
114272 | Zig:3    | Entered Level 3 of a ziggurat
114299 | Zig:3    | Identified the +10 morningstar of the Real Monster {vorpal,
                  | +Inv rF+}
114305 | Zig:4    | Entered Level 4 of a ziggurat
114340 | Zig:4    | Identified the +7 arbalest "Xom's Full Attention" {freeze,
                  | +Blink}
114343 | Zig:5    | Entered Level 5 of a ziggurat
114377 | Zig:5    | Identified the Tome of Mutagenic Creation
114386 | Zig:6    | Entered Level 6 of a ziggurat
114393 | Zig:6    | Noticed Siuluttuc the pandemonium lord
114402 | Zig:6    | Killed Siuluttuc the pandemonium lord
114437 | Zig:6    | Identified the Grimoire of Enchanting Sinister Secrets
114439 | Zig:6    | Identified the ring "Wevve Que" {Wiz rPois rN+ Str-3}
114445 | Zig:6    | Noticed Julyes the pandemonium lord
114450 | Zig:6    | Killed Julyes the pandemonium lord
114450 | Zig:6    | Gained mutation: Your magical capacity is low. (-10% MP) [a
                  | neqoxec]
114474 | Zig:7    | Entered Level 7 of a ziggurat
114552 | Zig:8    | Entered Level 8 of a ziggurat
114569 | Zig:8    | Gained mutation: You are clumsy. (Dex -2) [a shining eye]
114614 | Zig:8    | Identified the Reference Book on Hurtful Bewitchment
114618 | Zig:9    | Entered Level 9 of a ziggurat
114626 | Zig:9    | Noticed Woej the pandemonium lord
114635 | Zig:9    | Killed Woej the pandemonium lord
114797 | Zig:10   | Entered Level 10 of a ziggurat
114860 | Zig:10   | Identified the Incunabulum of Supportive Attacks
114863 | Zig:10   | Identified the amulet of Huikiw {Faith Fragile +Blink
                  | Will++ Stlth+}
114864 | Zig:10   | Identified Kikubaaqudgha's Catalogue of Unholy Secrets
114866 | Zig:10   | Identified the Incunabulum of Freezing Flight
114869 | Zig:10   | Identified the ring "Myshrig" {MP+9 Str+6 Stlth+}
114872 | Zig:11   | Entered Level 11 of a ziggurat
114882 | Zig:11   | Identified the Catalogue of Igneous Feathers
114885 | Zig:12   | Entered Level 12 of a ziggurat
115072 | Zig:12   | Corrupted Zig:12
115098 | Zig:12   | Found the +8 mithril axe "Arga" {speed, Will+}
115118 | Zig:13   | Entered Level 13 of a ziggurat
115183 | Zig:13   | Paralysed by a fenstrider witch for 4 turns
115196 | Zig:13   | Corrupted Zig:13
115199 | Zig:13   | Found the +27 Lear's hauberk
115207 | Zig:13   | Identified the +7 longbow of Vanity {flame, SInv}
115208 | Zig:13   | Identified the ring "Pumoitux" {rC+ rN+ EV+4 Int+3}
115222 | Zig:13   | Identified the +3 leather armour of Peek-a-Boo {rC- Will++}
115267 | Zig:13   | Killed Pulohoy the pandemonium lord
115286 | Zig:13   | Noticed Faocuam the pandemonium lord
115296 | Zig:13   | Killed Faocuam the pandemonium lord
115372 | Zig:14   | Entered Level 14 of a ziggurat
115424 | Zig:14   | Corrupted Zig:14
115451 | Zig:14   | HP: 20/419 [large abomination[Lugonu's corruption] (23)]
115451 | Zig:14   | HP: 8/419 [bone dragon[Lugonu's corruption] (12)]
115458 | Zig:14   | Noticed Boelof the pandemonium lord
115460 | Zig:14   | Killed Boelof the pandemonium lord
115545 | Zig:14   | Noticed Utaaptug the pandemonium lord
115554 | Zig:14   | Killed Utaaptug the pandemonium lord
115582 | Zig:14   | Identified the ring "Veraw" {rF+ rC+ Str+3}
115583 | Zig:14   | Identified the +5 flail of Fudaar {flame, Fragile rN+ Will+
                  | Int+2}
115588 | Zig:14   | Identified the +10 flail of the Chain {pain, +Fly Stlth+}
115597 | Zig:14   | Identified Uhuam's Grimoire of Enchanting Orientation
115630 | Zig:15   | Entered Level 15 of a ziggurat
115639 | Zig:15   | Corrupted Zig:15
115640 | Zig:15   | Gained mutation: Your body sometimes deteriorates upon
                  | taking damage. [a shining eye]
115652 | Zig:15   | Paralysed by a floating eye for 2 turns
115674 | Zig:15   | Gained mutation: You tend to lose your temper in combat. [a
                  | shining eye]
115683 | Zig:15   | Gained mutation: You are frail. (-10% HP) [a neqoxec]
115709 | Zig:15   | Lost mutation: Your magical capacity is low. (-10% MP)
                  | [potion of mutation]
115709 | Zig:15   | Lost mutation: You are frail. (-10% HP) [potion of
                  | mutation]
115709 | Zig:15   | Lost mutation: Your spells are easier to cast, but less
                  | powerful. [potion of mutation]
115709 | Zig:15   | Lost mutation: You tend to lose your temper in combat.
                  | [potion of mutation]
115737 | Zig:16   | Entered Level 16 of a ziggurat
115786 | Zig:16   | Corrupted Zig:16
115788 | Zig:16   | Found the +18 shield of the Gong {rElec rN+ Will+ EV-5}
115798 | Zig:17   | Entered Level 17 of a ziggurat
115820 | Zig:17   | Noticed Tiptuloeni the pandemonium lord
115826 | Zig:17   | Killed Tiptuloeni the pandemonium lord
115845 | Zig:18   | Entered Level 18 of a ziggurat
115874 | Zig:18   | Corrupted Zig:18
116050 | Zig:18   | Escaped the Abyss
116053 | Zig:19   | Entered Level 19 of a ziggurat
116068 | Zig:19   | Corrupted Zig:19
116161 | Zig:19   | HP: 11/419 [naga sharpshooter/bolt (12)]
116164 | Zig:19   | HP: 1/419 [nagaraja/+0 spear (18)]
116273 | Zig:19   | Noticed a seraph
116281 | Zig:19   | Killed a seraph
116317 | Zig:19   | Noticed Piopun the pandemonium lord
116322 | Zig:19   | Killed Piopun the pandemonium lord
116397 | Zig:20   | Entered Level 20 of a ziggurat
116406 | Zig:20   | Noticed Erchoa the pandemonium lord
116436 | Zig:20   | Found the +8 demon blade "Leech" {vamp, *Rage +Rage rN+}
116437 | Zig:21   | Entered Level 21 of a ziggurat
116448 | Zig:21   | Noticed Beaer's ghost (legendary VSBr)
116448 | Zig:21   | Noticed Noren's ghost (legendary GrEE)
116448 | Zig:21   | Noticed Ijustatesigmund's ghost (legendary DsFi)
116448 | Zig:21   | Noticed nano's ghost (legendary DsHu)
116448 | Zig:21   | Noticed Ahek's ghost (legendary GnTm)
116448 | Zig:21   | Noticed Icuofef's ghost (veteran SpEn)
116448 | Zig:21   | Noticed Muffal's ghost (legendary FoFi)
116448 | Zig:21   | Noticed Zorhyraw's ghost (legendary GrEE)
116448 | Zig:21   | Noticed Gyofeun's ghost (legendary FoFi)
116448 | Zig:21   | Noticed Rildar's ghost (legendary GrEE)
116449 | Zig:21   | Noticed Xiorchab's ghost (legendary VSFi)
116453 | Zig:22   | Entered Level 22 of a ziggurat
116602 | Zig:22   | Corrupted Zig:22
116660 | Zig:22   | Noticed Saecept the pandemonium lord
116671 | Zig:22   | Killed Saecept the pandemonium lord
116733 | Zig:22   | Found the amulet of the Air {Inacc +Fly rElec EV+5 RMsl}
116743 | Zig:22   | Noticed Keoruw the pandemonium lord
116746 | Zig:22   | Identified the Guide on Flight
116747 | Zig:22   | Identified the +9 demon blade of Xom's Condemnation {venom,
                  | *Drain rElec rC++ rN+}
116748 | Zig:22   | Identified the +1 helmet of Bedevilment {Harm +Blink rC-
                  | Int+8}
116754 | Zig:22   | Killed Keoruw the pandemonium lord
116756 | Zig:23   | Entered Level 23 of a ziggurat
116768 | Zig:24   | Entered Level 24 of a ziggurat
116798 | Zig:24   | Corrupted Zig:24
116812 | Zig:24   | Found the -2 hat of the Alchemist {rElec rPois rF+ rC+ rN+
                  | Will+ rMut rCorr}
116812 | Zig:24   | Found the +6 Majin-Bo {vamp, MP+6 Int+6}
116815 | Zig:24   | Identified the ring "Zihiebb" {Fire Dex+3}
116820 | Zig:24   | Identified the +0 plate armour of Lilacs {rC+++}
116822 | Zig:25   | Entered Level 25 of a ziggurat
116846 | Zig:25   | Noticed an ancient lich
116848 | Zig:25   | Noticed an ancient lich
116850 | Zig:25   | Noticed a dread lich
116851 | Zig:25   | Noticed an ancient lich
116853 | Zig:25   | Cast into level 2 of the Abyss (a deep elf sorcerer)
116964 | Zig:25   | Escaped the Abyss
116971 | Zig:25   | Found the ring of the Mage {Wiz Will++ Int+3}
116976 | Zig:26   | Entered Level 26 of a ziggurat
117036 | Zig:26   | Noticed Forghid the pandemonium lord
117051 | Zig:26   | Killed Forghid the pandemonium lord
117142 | Zig:27   | Entered Level 27 of a ziggurat
117170 | Zig:27   | Noticed Wougrad's ghost (legendary GrEE)
117172 | Zig:27   | Corrupted Zig:27
117187 | Zig:27   | Noticed Ygonacw's ghost (legendary GrEE)
117191 | Zig:27   | Noticed Zomar's ghost (legendary DsWn)
117192 | Zig:27   | Noticed Qumaaz's ghost (legendary HuIE)
117193 | Zig:27   | Noticed Sobuoh's ghost (legendary GrEE)
117193 | Zig:27   | Noticed Rotwopom's ghost (legendary NaVM)
117195 | Zig:27   | Noticed Qumaaz's ghost (legendary HuIE)
117195 | Zig:27   | Noticed Qumaaz's ghost (legendary HuIE)
117195 | Zig:27   | Noticed Muffal's ghost (legendary FoFi)
117197 | Zig:27   | Noticed Xienem's ghost (legendary GrEE)
117198 | Zig:27   | Noticed Xienem's ghost (legendary GrEE)
117198 | Zig:27   | Noticed Muffal's ghost (legendary FoFi)
117199 | Zig:27   | Killed Zomar's ghost
117199 | Zig:27   | Killed Wougrad's ghost
117200 | Zig:27   | Killed Muffal's ghost
117201 | Zig:27   | Found the necklace of Bloodlust {*Rage +Rage Will++ Int-3
                  | Slay+6}
117201 | Zig:27   | Killed Xienem's ghost
117201 | Zig:27   | Killed Ygonacw's ghost
117201 | Zig:27   | Killed Qumaaz's ghost
117201 | Zig:27   | Killed Sobuoh's ghost
117201 | Zig:27   | Killed Muffal's ghost
117203 | Zig:27   | Killed Rotwopom's ghost
117206 | Zig:27   | Identified the ring "Bijodghobb" {rC+ SInv Stlth+}
117620 | D:10     | Noticed a seraph
117690 | D:5      | Noticed Yharomynt the pandemonium lord
117707 | D:4      | Killed Yharomynt the pandemonium lord
117783 | D:1      | Upgraded the game from 0.27-a0-752-gc3205288ea to
                  | 0.27-a0-767-g00efbec225
117812 | D:1      | Noticed Raimp the pandemonium lord
117818 | D:1      | Killed Raimp the pandemonium lord
117876 | D:$      | Escaped with the Orb!

Illustrated notes

Levels and vault maps discovered:
D:1:      dpeg_arrival_orchard, layout_loops_corners, minmay_hedge_maze,
          roderic_lattice_a
D:2:      layout_basic, serial_shops, nicolae_shop_crystal,
          nicolae_shop_temple_entry_statues_fountains
D:3:      layout_loops_ring, nzn_wu_jian_council_hall, minmay_misc_feat_doors,
          lemuel_blue_sif_altar
D:4:      layout_cave_pools, makhleb_blood_cavern_becter, serial_shops,
          kennysheep_mini, minmay_misc_feat_tower
D:5:      layout_basic, serial_shops, kennysheep_mini_moat, shop,
          shop_fountains, nicolae_shop_trees, nicolae_shop_statue_plus
D:6:      layout_basic, ashenzari_conservatory_becter,
          lemuel_coloured_pillars_altar, serial_shops, nicolae_shop_statue_plus
D:7:      nzn_winding_woodlands_medium [nzn_winding_woodlands_5x5_three,
          nzn_winding_woodlands_5x15_pool,
          nzn_winding_woodlands_5x5_checkerboard,
          nzn_winding_woodlands_5x5_cross,
          nzn_winding_woodlands_center_diamonds,
          nzn_winding_woodlands_5x5_closed_star,
          nzn_winding_woodlands_5x5_default, nzn_winding_woodlands_5x15_crooked,
          nzn_winding_woodlands_5x5_open_star], layout_basic,
          nicolae_uskayaw_suspiria, nicolae_qazlal_general_emergency,
          minmay_temple_entry_steel_oval, st_stairs_9, minmay_gold_behind_fungi,
          chequers_serial_rivers_micro_c, uniq_pikel
D:8:      layout_gridville
D:9:      layout_loops_ring, general_overflow_altar, xom_confusion_cloud,
          orc_0_dummy, serial_shops, kennysheep_little_box,
          nicolae_lava_and_water
D:10:     layout_rooms, gammafunk_ghost_abyssal_escape,
          minmay_guarded_unrand_variability, uniq_joseph, uniq_grum
D:11:     layout_loops_corners, dpeg_oklobed_lair, uniq_snorg
D:12:     layout_irregular_city, serial_column_ruins, column_ruins_square_large,
          column_ruins_corridor_dead_end, column_ruins_columns_corner,
          column_ruins_corridor_corner, column_ruins_columns_straight,
          column_ruins_open_small, column_ruins_corridor_water, uniq_fannar
D:13:     layout_loops_cross, david_vaults_4, portal_ice_cave_rime, uniq_sonja
D:14:     layout_basic, interstate_on_off, uniq_azrael, uniq_roxanne
D:15:     grunt_enter_depths_snipers, layout_basic,
          hangedman_decor_diamond_cutter, uniq_jorgrun
Temple:   eino_temple_water
Lair:1:   layout_regular_city, gauntlet_entry_generic
Lair:2:   layout_regular_city, dummy_spider_entry
Lair:3:   beast_lair_carwin_large_4, layout_hall_layers,
          nicolae_swamp_entry_splash_gauntlet, gammafunk_ghost_grave
Lair:4:   layout_layer_cave, beast_lair_carwin_2
Lair:5:   layout_regular_city, nicolae_slime_entry_slimehenge,
          beast_lair_carwin_4, lemuel_fruit_fields
Lair:6:   cheibrodos_lair_end_hotspot, layout_gridlike, minmay_another_anthill
Swamp:1:  layout_basic_swamp, nicolae_swamp_trees_clearing, swamp_pool5,
          infiniplex_staircase_pool
Swamp:2:  layout_falls_marsh, basic_altar, infiniplex_staircase_pool_2
Swamp:3:  layout_basic_swamp, evilmike_swamp_ruin_rubble_2
Swamp:4:  swamp_alternative, layout_basic_swamp, uniq_louise, uniq_donald,
          uniq_kirke
Spider:1: layout_chambers
Spider:2: layout_spider_delve, uniq_arachne
Spider:3: layout_spider_delve, uniq_nikola
Spider:4: guppyfry_spider_rune, ebering_ghost_xom, uniq_agnes
Slime:1:  cheibrodos_slime_lost_civilization_3, layout_caves
Slime:2:  layout_caves
Slime:3:  layout_caves
Slime:4:  layout_caves
Slime:5
Orc:1:    layout_diamond_mine, basic_altar
Orc:2:    st_orc_congregation, layout_caves
Elf:1:    layout_onion_city, serial_shops, nicolae_shop_statue_plus,
          minmay_elf_necromancy, minmay_shop_star
Elf:2:    layout_loops_corners, serial_co_window_serial, co_window_corner_a,
          co_window_paths_b, co_window_paths_b, co_window_paths_a,
          co_window_paths_a, co_window_corner_b, co_window_paths_c,
          co_window_corner_b, glass_columns_a, glass_columns_b, glass_columns_c,
          glass_columns_a, glass_columns_a, st_stairs_8, minivault_15
Elf:3:    elf_hall, layout_geoelf_octagon, grunt_megastairs_4, minmay_shop_grove
Vaults:1: grunt_vaults_focal, v_misc_22, vaults_dpeg_diagonal,
          vaults_room_corners, hangedman_vaults_slice,
          kennysheep_vaults_gozag_temple, v_misc_2, v_alt_pattern_6,
          ontoclasm_vaults_spin, hangedman_vaults_locks, vaults_dpeg_cross,
          vaults_room_hallway, nicolae_vaults_little_squares_5,
          layout_vaults_omnicross, serial_shops, shop
Vaults:2: vaults_mumra_chevron, minmay_crypt_entry_simple_box, v_pattern_3,
          nicolae_vaults_twisting_passages, ontoclasm_vaults_hangar,
          nicolae_vaults_network_s, vaults_room_fours,
          hangedman_vaults_variations, ontoclasm_vaults_pinch, vaults_dpeg_ring,
          hangedman_vaults_stretched_pinwheel, nicolae_vaults_back_hallway,
          grunt_vaults_funnel, layout_vaults_omnigrid, serial_shops,
          nicolae_shop_waterfront, basic_altar
Vaults:3: dpeg_vaults_monster_box, vaults_mumra_lcd, ontoclasm_vaults_idyll,
          grunt_vaults_trifunnel, ontoclasm_vaults_fault,
          nicolae_vaults_network_star, ontoclasm_vaults_idyll,
          vaults_room_glass_cross, v_misc_3, vaults_room_door_hall,
          vaults_room_fours, vaults_room_hallway, layout_vaults_ring, uniq_jory
Vaults:4: vaults_room_large_hall, v_misc_26, vaults_dpeg_encased_lava,
          nicolae_vaults_murderbox, nicolae_vaults_shelves_hall,
          vaults_mumra_hex, v_misc_26, dpeg_vaults_monster_row, v_misc_24,
          nicolae_vaults_big_angled_halls, v_misc_23,
          grunt_vaults_hallway_short, vaults_room_stairs_pillars,
          ontoclasm_vaults_hangar, vaults_room_semicircle,
          layout_vaults_omnibox, uniq_mennas
Vaults:5
Crypt:1:  layout_regular_city, moated_statue
Crypt:2:  layout_chaotic_city, gammafunk_ghost_mausoleum, grunt_megastairs_2,
          roderic_lattice_octagonal_star
Crypt:3:  quadcrypt_mu
Tomb:1
Tomb:2:   uniq_boris
Tomb:3
Depths:1: layout_basic, rand_demon_pan_entry_9, hell_entry,
          chequers_serial_rivers_room_b, gammafunk_ghost_cemetery,
          nicolae_elemental_shop, minmay_st_funbox,
          minmay_fractal_squares_gapless_7
Depths:2: ragdoll_tomb_raider, layout_basic, hangedman_coc_ice_floe,
          rand_demon_pan_entry_4, hangedman_decor_riveting,
          infiniplex_staircase_river
Depths:3: nooodl_heptagram, layout_gridville, enter_ziggurat_c, pan_entry,
          hell_entry, infiniplex_staircase_zigzag_3, uniq_margery
Depths:4: kennysheep_water_balloons, layout_honeycomb,
          hangedman_abyss_or_decor_lesser_grid, abyss_entry, serial_sigils,
          serial_sigils_hangedman_clutch, serial_sigils_hangedman_gut,
          serial_sigils_hangedman_snap, serial_sigils_hangedman_snap,
          hell_entry, minmay_staircase_bubble, uniq_xtahua
Depths:5: lemuel_castle_with_subvaults [lemuel_castle_interior_carwin_1],
          layout_cave_pools, abyss_entry_small_statue_room,
          grunt_pan_entry_zigzag, grunt_hell_entry_dis_old
Hell
Dis:1:    layout_chaotic_city
Dis:2:    layout_gridville
Dis:3:    layout_chaotic_city
Dis:4:    layout_subdivisions
Dis:5:    lemuel_mystery_crypt, layout_gridville
Dis:6:    layout_gridville
Dis:7:    iron_city_of_dis [dis_grunt, dis_wall_1], layout_chaotic_city
Geh:1:    layout_gehenna_pools_basic, door_vault
Geh:2:    layout_gehenna_lava_caves, nicolae_geh_single_fiery_grave
Geh:3:    layout_gehenna_lava_caves
Geh:4:    layout_gehenna_pools_box
Geh:5:    layout_gehenna_lava_caves
Geh:6:    layout_gehenna_pools_triple
Geh:7:    geh_hangedman
Coc:1:    layout_ice_bergs
Coc:2:    layout_cocytus_water_paths
Coc:3:    grunt_deathspiral_small, layout_ice_bergs
Coc:4:    layout_ice_bergs
Coc:5:    layout_ice_bergs, lemuel_elevator
Coc:6:    layout_ice_bergs
Coc:7:    coc_hangedman
Tar:1:    layout_honeycomb
Tar:2:    layout_catacombs
Tar:3:    layout_catacombs, hangedman_restless_catacombs
Tar:4:    layout_catacombs
Tar:5:    regret_index_dithmenos_brocken_genspenst, layout_grid_maze,
          hangedman_snap_crack_crunch
Tar:6:    layout_cathedral_of_symmetry
Tar:7:    tar_minmay_river
Zot:1:    kennysheep_room_grid, layout_basic
Zot:2:    layout_gridlike, ebering_ghost_gozag, grunt_megastairs_3
Zot:3:    layout_gridlike, lemuel_elevator
Zot:4:    nicolae_zot_stationary_front, layout_cathedral_of_symmetry,
          st_stairs_5, hangedman_zot_decor_scrapings, st_large_dragon_hoard_2
Zot:5:    layout_gridlike, hangedman_zot_decor_tridents

Skill      XL: |  1  2  3  4  5  6  7  8  9 10 11 12 13 14 15 16 17 18 19 20 21 22 23 24 25 26 27 |
---------------+----------------------------------------------------------------------------------+-----
Unarmed Combat | 3 4 5 6 7 8 10 11 12 13 15 16 18 20 22 27 | 27.0
Invocations    | 2 3 4 6 7 9 18 | 18.0
Fighting       | 3 4 5 7 8 10 11 12 14 15 27 | 27.0
Shields        | 2 3 4 7 8 10 12 13 15 | 15.0
Dodging        | 3 5 7 8 9 10 23 | 23.0
Armour         | 2 4 6 8 9 10 11 13 24 | 24.1
Spellcasting   | 2 5 6 8 9 10 11 12 13 | 13.0
Earth Magic    | 2 7 9 11 12 14 15 16 22 | 22.0
Transmutations | 2 5 7 9 11 12 13 14 18 | 18.0
Evocations     | 2 |  2.1

Action                   |  1- 3 |  4- 6 |  7- 9 | 10-12 | 13-15 | 16-18 | 19-21 | 22-24 | 25-27 || total
-------------------------+-------+-------+-------+-------+-------+-------+-------+-------+-------++-------
Melee: Unarmed           |    91 |   162 |   376 |   837 |  1802 |  2246 |  2206 |  2738 | 12224 || 22682
       Punch             |     1 |     1 |     3 |       |       |       |       |       |       ||     5
       Rapier            |       |       |       |     7 |     9 |       |       |       |       ||    16
       Short sword       |       |       |       |       |    69 |       |       |       |       ||    69
       Scimitar          |       |       |       |       |    12 |    95 |       |       |       ||   107
       Kick              |       |       |       |       |       |       |       |       |   406 ||   406
Throw: Dart              |     1 |       |       |       |       |     1 |       |     3 |       ||     5
       Javelin           |       |       |       |     4 |    14 |       |     1 |       |       ||    19
 Cast: Statue Form       |       |       |       |       |       |       |       |       |   144 ||   144
Invok: Bend Space        |       |     2 |       |    13 |    28 |    16 |     3 |     8 |    76 ||   146
       Banish            |       |       |       |    15 |     3 |     2 |       |     1 |     1 ||    22
       Depart the Abyss  |       |       |       |       |     1 |       |     1 |     1 |       ||     3
       Enter the Abyss   |       |       |       |       |     1 |       |       |     2 |     4 ||     7
       Corrupt           |       |       |       |       |       |     5 |       |     1 |    14 ||    20
 Abil: Evoke Flight      |       |       |       |       |       |     1 |       |       |     5 ||     6
       End Transformatio |       |       |       |       |       |       |       |       |    21 ||    21
Evoke: Wand              |       |       |       |       |    12 |     2 |     7 |     9 |    14 ||    44
       Figurine of a zig |       |       |       |       |       |       |       |       |     1 ||     1
  Use: Scroll            |       |     4 |     8 |     8 |    16 |    15 |    13 |     7 |    66 ||   137
       Potion            |       |     4 |       |     7 |     4 |     2 |     4 |    11 |    61 ||    93
 Stab: Sleeping          |     1 |     3 |       |       |       |       |       |       |       ||     4
       Invisible         |       |       |       |     1 |       |       |     2 |       |       ||     3
       Confused          |       |       |       |       |       |     2 |       |       |     1 ||     3
       Petrifying        |       |       |       |       |       |       |     1 |       |       ||     1
       Distracted        |       |       |       |       |       |       |       |       |     5 ||     5
       Paralysed         |       |       |       |       |       |       |       |       |     2 ||     2
Armor: Robe              |    31 |    39 |    65 |    13 |       |       |       |       |       ||   148
       Skin              |       |    15 |       |       |       |       |       |       |  1918 ||  1933
       Acid dragon scale |       |       |       |    48 |       |       |       |       |       ||    48
       Troll leather arm |       |       |       |   111 |   554 |    28 |       |       |       ||   693
       Gold dragon scale |       |       |       |       |       |  1064 |   766 |   964 |  4445 ||  7239
Dodge: Dodged            |    35 |    77 |    64 |   133 |   546 |   355 |   195 |   228 |  2684 ||  4317
Block: Other             |       |     3 |     9 |       |       |       |       |       |       ||    12
       Tower shield      |       |       |   341 |   949 |  2513 |  2836 |  1949 |  2301 | 14799 || 25688
       Reflection        |       |       |     6 |    10 |    42 |    69 |   111 |    44 |    80 ||   362
       Rpst.: Scimitar   |       |       |       |       |     1 |     6 |       |       |       ||     7

Table legend: (Time is in decaauts)
 A = Elapsed time spent in this place.
 B = Non-inter-level travel time spent in this place.
 C = Inter-level travel time spent in this place.
 D = Time resting spent in this place.
 E = Time spent auto-exploring this place.
 F = Levels seen in this place.
 G = Mean time per level.
                   A        B        C        D        E       F      G
               +--------+--------+--------+--------+--------+-----+--------+
         Total | 113175 | 103813 |   9362 |  15910 |  45336 | 159 |  711.8 |
       Dungeon |  18840 |  15229 |   3611 |    906 |   9937 |  15 | 1256.0 |
        Temple |    190 |    179 |     11 |      0 |    178 |   1 |  190.0 |
          Lair |   8059 |   7311 |    748 |    658 |   4511 |   6 | 1343.2 |
         Swamp |   3715 |   3537 |    178 |    469 |   1913 |   4 |  928.8 |
   Spider Nest |   4971 |   4706 |    265 |    486 |   2308 |   4 | 1242.8 |
    Slime Pits |   1064 |   1037 |     27 |    429 |     23 |   5 |  212.8 |
  Orcish Mines |   1682 |   1591 |     91 |    150 |    885 |   2 |  841.0 |
   Elven Halls |   5944 |   5763 |    181 |   1244 |   3096 |   3 | 1981.3 |
        Vaults |  10893 |   9801 |   1092 |   1704 |   5236 |   5 | 2178.6 |
         Crypt |   4411 |   3781 |    630 |    453 |   2193 |   3 | 1470.3 |
          Tomb |   3436 |   3335 |    101 |    929 |    887 |   3 | 1145.3 |
        Depths |  12922 |  11365 |   1557 |   3272 |   4428 |   5 | 2584.4 |
          Hell |   2110 |   2005 |    105 |    935 |    376 |   1 | 2110.0 |
           Dis |   1852 |   1823 |     29 |    112 |    366 |   7 |  264.6 |
       Gehenna |   3547 |   3474 |     73 |    268 |    424 |   7 |  506.7 |
       Cocytus |   1923 |   1923 |      0 |    262 |     67 |   7 |  274.7 |
      Tartarus |   3061 |   3061 |      0 |    366 |    901 |   7 |  437.3 |
           Zot |   9062 |   8404 |    658 |   1411 |   3709 |   5 | 1812.4 |
         Abyss |   3857 |   3857 |      0 |    837 |    441 |  15 |  257.1 |
   Pandemonium |   7452 |   7452 |      0 |    376 |   2773 |  25 |  298.1 |
      Ziggurat |   2624 |   2624 |      0 |    552 |     17 |  27 |   97.2 |
      Ice Cave |    876 |    876 |      0 |     40 |    447 |   1 |  876.0 |
      Gauntlet |    675 |    675 |      0 |     47 |    212 |   1 |  675.0 |
               +--------+--------+--------+--------+--------+-----+--------+

Top non-repeatable levels by time:
Depths:5: 4147 daAuts
 Abyss:1: 3086 daAuts
   Zot:5: 3003 daAuts
Depths:1: 2987 daAuts
Vaults:4: 2986 daAuts
   Elf:3: 2692 daAuts
Depths:2: 2453 daAuts
Vaults:2: 2397 daAuts
  Tomb:1: 2221 daAuts
    D:15: 2142 daAuts
    Hell: 2110 daAuts
    D:13: 2094 daAuts
   Elf:2: 2050 daAuts
Vaults:5: 2018 daAuts
   Zot:4: 1951 daAuts
